Cogmind - Beta 16.1 @@@ ROGUE MODE // 2026.02.26 @ 19:11:44 Player: Savant Result: Fortifying 0b10! Performance ------------- Evolutions (9) 4500 Regions Visited (37) 7400 Robots Destroyed (479) 2395 Value Destroyed (26308) 26308 Prototype IDs (197) 3940 Alien Tech Used (6) 1200 Bonus (40814) 40814 TOTAL SCORE: 86557 Bonus ------- Triggered High Security 500 High Alert Combat Kills 8354 Follower Combat Kills 13613 Hunted by Unchained 1500 Destroyed Unchained 1000 Network Hubs Disabled 400 Registered with UFD 300 Met Data Miner 300 Built Enhanced Grunts 300 Met R17 at Cetus 500 Found Hidden Lab 3000 Met R17 at Research 2000 Met MAIN.C 5000 Destroyed MAIN.C Shell 5000 Win 3000 Friendly Fire -3953 Cogmind --------- Core Integrity 1019/1600 Matter 294/300 Energy 1658/2950 System Corruption 0% Temperature Warm (185) Movement Hovering (37) Location By MAIN.C's Side Parts ------- > --- POWER (3) -------- Improved Quantum Reactor Hybrid Graviton Reactor Hybrid Graviton Reactor > --- PROPULSION (8) --- Combat Antigrav System Combat Linear Gravjet Gravjet Array Gravjet Array Concept Combat Aerolev Unit Concept Combat Aerolev Unit > --- UTILITY (13) ----- Experimental Cooling System Concept Thermoelectric Network Concept Antigrav Storage Unit Experimental Optical Array Concept Networked Targeting System Concept Weapon Articulator Experimental Core Analyzer Experimental Core Analyzer Quantum Capacitor Concept RG22 Armor Experimental Force Field Experimental System Purifier > --- WEAPON (2) ------- Concept Plasma Driver > --- INVENTORY (25) --- Vortex Chain Reactor Combat Antigrav System Gravjet Array Concept Gyrokinetic System Concept Gyrokinetic System Concept Chromion Battery (0) Concept Chromion Battery (0) Concept NT7 Matterbank (750) Femtoactuators Concept Cloak Mesh Concept RG22 Armor Concept Matter Streamer Transdimensional Reconstructor Enhanced Nova Cannon Concept Rapid Grenade Launcher Concept Arcsight Missile Launcher IN-MT5's Pitchfork "Insurrection" (8) IN-MT5's Pitchfork "Insurrection" (19) Peak State ------------ > --- POWER ------------ Improved Quantum Reactor Hybrid Graviton Reactor Hybrid Graviton Reactor > --- PROPULSION ------- Gravjet Array Gravjet Array Concept Combat Aerolev Unit Concept Combat Aerolev Unit Concept Combat Aerolev Unit Concept Gyrokinetic System > --- UTILITY ---------- Concept Antigrav Storage Unit Concept Networked Targeting System Concept Weapon Articulator Femtoactuators Experimental Force Booster Experimental ECM Suite Concept Cloak Mesh Concept Cloak Mesh Centrium Medium Armor Plating Concept RG22 Armor Concept RG22 Armor Advanced Force Field Concept Antimissile System > --- WEAPON ----------- Concept Deflector Sword Experimental Jetlance > --- INVENTORY -------- Gravjet Array Gravjet Array Concept Gyrokinetic System Concept Thermoelectric Network Concept Chromion Battery Concept Chromion Battery Concept NT7 Matterbank Femtoactuators Advanced Component Analysis Suite Concept Matter Streamer Transdimensional Reconstructor Concept Plasma Driver Concept Rapid Grenade Launcher Concept Arcsight Missile Launcher IN-MT5's Pitchfork "Insurrection" IN-MT5's Pitchfork "Insurrection" IN-MT5's Pitchfork "Insurrection" Experimental Jetlance [Rating: 299] Favorites ----------- Power Micro Antimatter Reactor Engine Light Angular Momentum Engine Power Core Micro Fission Core Reactor Micro Antimatter Reactor Propulsion Light Treads Treads Light Treads Wheel Compact Wheel Hover Unit Concept Combat Aerolev Unit Flight Unit Improved VTOL Module Utility Medium Storage Unit Device Deep Structural Scanner Storage Medium Storage Unit Processor Advanced Signal Interpreter Hackware Advanced Hacking Suite Protection Improved Light Armor Plating Weapon Plasma Sword Energy Gun Improved EM Shotgun Energy Cannon Plasma Cannon Ballistic Gun Improved Assault Rifle Ballistic Cannon Heavy Flak Cannon Launcher Mini Smartbomb Launcher Special Weapon Improved Remote Datajack Impact Weapon Heavy Flail Slashing Weapon Plasma Sword Piercing Weapon Experimental Jetlance Special Melee Weapon Advanced Datajack Build | -11 -10 -10 -9 -9 -9 -8 -8 -8 -8 -8 -6 -6 -6 -6 -6 -6 -5 -5 -5 -5 -5 -5 -5 -4 -4 -4 -4 -4 -4 -3 -3 -3 -2 -2 -2 -1 -1 ------- Run | Yrd Mat Min Mat Min Exi Min Mat Sto Rec Scr Fac Was Fac Low Low Dat Pro Fac Was Fac Upp Upp War Pro Fac Ext Cet Arc Hub Res Arm Lab Res Qua Frg Acc Com Slots Evolved 18 | . . . 2 . . . 2 . . . 4 . . . . . . 2 . . . . . . 2 . . . . 2 . . 2 . . 2 . Power 1 | . . . . . . . . . . . . . . . . . . . . . . . . . 1 . . . . . . . . . . . . Propulsion 6 | . . . 1 . . . 1 . . . 1 . . . . . . . . . . . . . 1 . . . . 1 . . 1 . . . . Utility 11 | . . . 1 . . . 1 . . . 3 . . . . . . 2 . . . . . . . . . . . 1 . . 1 . . 2 . Weapon . | . . . . . . . . . . . . . . . . . . . . . . . . . . . . . . . . . . . . . . Parts Attached 335 | 7 12 . 21 5 2 1 7 21 5 21 21 . 6 . 1 . 2 16 1 16 2 1 . 2 18 3 6 1 6 11 10 2 4 5 72 10 17 Power 33 | 1 . . 2 2 . . . 1 . 1 1 . . . . . . 1 . 1 . . . . 2 . 1 1 2 2 2 . . . 11 1 1 Engine 6 | 1 . . 2 2 . . . . . . . . . . . . . . . . . . . . . . . 1 . . . . . . . . . Core 11 | . . . . . . . . 1 . 1 1 . . . . . . 1 . 1 . . . . 2 . . . 1 . 1 . . . 2 . . Reactor 16 | . . . . . . . . . . . . . . . . . . . . . . . . . . . 1 . 1 2 1 . . . 9 1 1 Propulsion 68 | 2 1 . 5 2 . 1 2 9 2 6 2 . 1 . . . . . . 3 1 . . . 3 . . . . 3 2 . . 4 15 2 2 Treads 20 | 2 . . 5 2 . 1 2 7 . 1 . . . . . . . . . . . . . . . . . . . . . . . . . . . Leg . | . . . . . . . . . . . . . . . . . . . . . . . . . . . . . . . . . . . . . . Wheel 5 | . 1 . . . . . . . 2 2 . . . . . . . . . . . . . . . . . . . . . . . . . . . Hover 18 | . . . . . . . . . . . . . . . . . . . . . 1 . . . 1 . . . . . . . . . 12 2 2 Flight 25 | . . . . . . . . 2 . 3 2 . 1 . . . . . . 3 . . . . 2 . . . . 3 2 . . 4 3 . . Utility 169 | 2 4 . 7 1 2 . . 5 2 11 15 . 5 . 1 . 2 12 1 10 1 . . 1 11 3 3 . 3 6 5 2 4 . 33 5 12 Device 77 | 1 1 . 1 . . . . 1 1 4 7 . . . 1 . 2 5 1 1 . . . 1 7 2 2 . 2 2 2 . 3 . 19 4 7 Storage 14 | 1 2 . 1 . 2 . . . . 2 . . . . . . . . . . . . . . . 1 . . 1 3 . . . . 1 . . Processor 22 | . . . 1 . . . . . 1 1 2 . 1 . . . . 2 . 3 . . . . . . . . . . . 1 . . 6 . 4 Hackware 27 | . . . . . . . . . . 3 4 . 4 . . . . 4 . 3 . . . . 3 . . . . 1 3 1 1 . . . . Protection 29 | . 1 . 4 1 . . . 4 . 1 2 . . . . . . 1 . 3 1 . . . 1 . 1 . . . . . . . 7 1 1 Artifact . | . . . . . . . . . . . . . . . . . . . . . . . . . . . . . . . . . . . . . . Weapon 65 | 2 7 . 7 . . . 5 6 1 3 3 . . . . . . 3 . 2 . 1 . 1 2 . 2 . 1 . 1 . . 1 13 2 2 Energy Gun 14 | 1 4 . 4 . . . 2 1 . . . . . . . . . . . . . . . . . . 1 . . . . . . . 1 . . Energy Cannon 10 | . . . . . . . . 3 1 . 1 . . . . . . . . . . . . . . . . . 1 . . . . . 1 2 1 Ballistic Gun 10 | 1 2 . 2 . . . 2 . . 1 . . . . . . . . . . . . . . . . 1 . . . . . . . 1 . . Ballistic Cannon 2 | . . . . . . . . . . . . . . . . . . . . . . . . 1 . . . . . . 1 . . . . . . Launcher 9 | . . . . . . . 1 . . 1 . . . . . . . 2 . . . 1 . . . . . . . . . . . . 4 . . Special Weapon 5 | . 1 . . . . . . . . . 2 . . . . . . . . . . . . . 1 . . . . . . . . . 1 . . Impact Weapon 3 | . . . 1 . . . . 2 . . . . . . . . . . . . . . . . . . . . . . . . . . . . . Slashing Weapon 8 | . . . . . . . . . . 1 . . . . . . . 1 . 2 . . . . 1 . . . . . . . . 1 2 . . Piercing Weapon 3 | . . . . . . . . . . . . . . . . . . . . . . . . . . . . . . . . . . . 3 . . Special Melee Weapon 1 | . . . . . . . . . . . . . . . . . . . . . . . . . . . . . . . . . . . . . 1 Unidentified Prototypes 36 | . . . . . . . . 5 . . 1 . . . . . . 1 1 1 . . . . 2 1 4 . 4 3 1 1 . 1 6 . 4 Corrupted Parts 4 | . . . . . . 1 . . . 1 . . . . . . . 1 . . . . . . . . . . . . . . . . . . 1 System Corruption 10 | . . . . . . 4 . . . 1 . . . . . . . 3 . . . . . . . . . . . . . . . . . . 2 Parts Lost 54 | . . . 3 . . . 2 9 . . . . . . . . . . . 2 . . . . 2 . 1 . 1 . 1 . . 2 23 4 4 Power 8 | . . . . . . . . 1 . . . . . . . . . . . . . . . . 1 . 1 . 1 . . . . . 3 1 . Propulsion 5 | . . . . . . . 1 2 . . . . . . . . . . . . . . . . . . . . . . . . . . 1 1 . Utility 28 | . . . 2 . . . . 3 . . . . . . . . . . . 2 . . . . . . . . . . 1 . . 1 16 1 2 Weapon 13 | . . . 1 . . . 1 3 . . . . . . . . . . . . . . . . 1 . . . . . . . . 1 3 1 2 Highest Loss Streak 6 | . . . 2 . . . 1 3 . . . . . . . . . . . 1 . . . . 1 . 1 . 1 . 1 . . 1 6 2 1 To Critical Strikes 3 | . . . . . . . . 1 . . . . . . . . . . . . . . . . . . . . . . . . . . 2 . . Average Backups 13 | 3 7 15 14 15 15 15 19 19 22 22 9 10 9 10 10 10 10 9 10 9 10 10 10 9 9 10 10 10 10 9 9 6 9 9 15 19 21 Power . | . . 1 1 1 1 1 1 . 1 . . . . . . . . . . . . . . . . . . . . . . . . . . . . Propulsion 2 | 2 2 3 3 2 2 2 2 5 9 8 1 1 1 1 1 1 1 . . . . . . . . 1 1 1 1 . 1 1 . . 1 3 4 Utility 4 | . 1 3 2 4 4 4 5 5 6 8 6 7 5 4 4 4 4 4 4 4 3 4 4 3 3 3 3 3 3 2 3 . 3 3 5 7 8 Weapon 5 | . 3 8 7 7 8 8 9 7 6 4 . 2 3 5 5 5 5 5 6 5 6 6 6 6 5 6 6 6 6 6 5 4 5 4 6 7 6 Tool/Special . | . . . . . . . . . . . . . . . . . . . . . . . . . . . . . . . . . . . . . . Unused Backups 85 | . 7 . 4 2 . . 4 10 . 10 6 . . . . . . 3 . 1 . . . 1 4 1 . . . 4 2 1 4 . 7 1 13 Power 7 | . 1 . 1 . . . 1 1 . . 1 . . . . . . . . . . . . . 1 . . . . . . . . . . . 1 Propulsion 18 | . 3 . . 1 . . 1 4 . 2 2 . . . . . . 2 . . . . . . . . . . . . . . . . 1 . 2 Utility 41 | . 1 . 1 1 . . 1 2 . 6 3 . . . . . . 1 . 1 . . . 1 2 1 . . . 2 1 1 4 . 5 1 6 Weapon 16 | . 1 . 2 . . . 1 2 . 2 . . . . . . . . . . . . . . 1 . . . . 2 1 . . . 1 . 3 Tool/Special 3 | . 1 . . . . . . 1 . . . . . . . . . . . . . . . . . . . . . . . . . . . . 1 Average Slot Usage (%) 94 | . 100 100 99 100 100 100 99 99 98 94 99 100 95 100 98 93 99 99 100 97 94 94 94 93 90 88 83 88 84 89 89 89 86 85 91 88 90 Engine 2 | . 14 14 11 11 11 11 9 . . . . . . . . . . . . . . . . . . . . 4 . . . . . . . . . Core 4 | . . . . . . . . 8 9 9 6 6 6 6 6 6 6 5 5 5 5 5 5 5 8 10 6 5 . . . . . . 4 . . Reactor 2 | . . . . . . . . . . . . . . . . . . . . . . . . . . . . . 4 8 9 9 7 8 6 10 11 Treads 11 | . 22 28 33 33 33 33 36 35 24 8 . . . . . . . . . . . . . . . . . . . . . . . . . . . Wheel 2 | . 5 . . . . . . . 11 23 . . . . . . . . . . . . . . . . . . . . . . . . . . . Hover 2 | . . . . . . . . . . . . . . . . . . . . . . . . . 1 . . . . . . . . . 19 23 23 Flight 12 | . . . . . . . . . . 4 32 33 33 33 33 33 33 29 29 27 23 23 23 23 22 20 21 21 21 23 22 23 25 25 8 . . Device 13 | . 14 14 9 11 11 11 17 17 14 7 12 13 12 13 12 13 12 6 5 4 5 5 5 4 9 9 8 10 10 13 14 14 15 18 21 30 27 Storage 6 | . 6 14 11 11 11 11 9 9 9 9 6 6 6 6 6 6 6 5 5 5 5 5 5 5 5 5 5 5 5 4 4 4 4 4 4 3 3 Processor 6 | . . . 1 . . . . . 3 8 6 6 6 6 6 6 6 10 17 22 17 17 17 17 10 10 10 10 10 9 8 8 8 8 7 . 9 Hackware 6 | . . . . . . . . . . 1 13 13 13 13 13 13 13 21 17 11 11 11 11 11 11 15 15 15 15 14 14 14 12 9 1 . . Protection 7 | . 6 . 10 11 11 11 9 9 9 5 5 6 6 6 6 6 6 5 5 5 11 11 11 11 8 5 5 5 5 4 3 4 4 4 8 10 7 Energy Gun 5 | . 24 28 17 22 22 22 14 4 3 . . . . . . . . . . . . . . . . . . . . . . . . . . . . Ballistic Gun 1 | . 2 . 3 . . . 1 9 8 6 . . . . . . . . . . . . . . . . . . . . . . . . . . . Launcher 1 | . . . . . . . . . . . 5 6 1 6 5 . 6 4 5 5 5 5 5 5 1 . . . . . . . . . . . . Slashing Weapon 3 | . . . . . . . . . . 6 6 6 6 6 6 6 6 5 5 5 5 5 5 5 6 10 9 10 10 9 9 9 8 6 2 1 . Peak Build Rating 299 | 7 11 11 17 22 22 22 27 37 39 46 65 64 68 68 69 68 68 85 86 104 102 97 97 99 115 113 113 116 122 143 153 161 179 202 291 299 291 Average Rating 93 | 5 8 11 14 18 22 22 25 31 35 39 60 64 64 67 67 66 67 80 84 92 100 96 97 96 107 110 108 115 115 140 147 151 175 186 256 287 279 On Entrance 87 | . 7 11 11 17 22 22 22 27 33 33 43 64 64 68 68 68 68 68 85 85 99 97 97 97 97 111 111 111 116 115 143 153 161 179 202 274 276 Avg Prop Armor Cover (%) 10 | . 10 . . . . . . . 17 11 . . . . . . . . . . . . . . 5 . . . . . . . . . 3 1 . Naked Turns . | . . . . . . . . . . . . . . . . . . . . . . . . . . . . . . . . . . . . . . Heaviest Build 135 | 15 94 32 37 41 61 61 66 65 104 103 25 25 25 25 26 25 25 28 26 30 28 28 28 28 36 34 35 41 41 44 49 48 51 55 135 130 122 Greatest Support 130 | 40 40 40 63 63 63 63 83 80 80 52 34 25 26 26 26 26 26 32 26 31 31 31 31 31 41 44 41 41 41 52 53 53 65 68 130 128 122 Greatest Overweight (x) 8 | . 5 . . . . . . . 8 3 . . . . . . . 8 . . . . . . 3 1 . . . . . . . . 2 1 . Average Overweight (x) . | . 1 . . . . . . . 2 1 . . . . . . . . . . . . . . . . . . . . . . . . . . . Largest Inventory Capacity 25 | 8 25 15 15 15 20 20 20 20 25 25 10 10 10 10 10 10 10 10 10 10 10 10 10 10 10 10 10 10 10 15 10 10 10 10 25 25 25 Average Capacity 14 | 7 11 15 15 15 15 20 20 20 23 23 10 10 10 10 10 10 10 10 10 10 10 10 10 10 10 10 10 10 10 10 10 10 10 10 17 25 25 Most Carried 25 | 6 15 15 15 15 15 17 20 20 25 25 10 10 10 10 10 10 10 10 10 10 10 10 10 10 10 10 10 10 10 10 10 10 10 10 25 25 25 Average Carried 14 | 4 7 15 14 14 15 15 19 19 22 22 9 10 9 10 10 10 10 9 10 9 9 9 10 9 9 9 10 10 10 9 9 6 9 9 16 22 23 Final Capacity 25 | 8 15 15 15 15 20 20 20 20 25 10 10 10 10 10 10 10 10 10 10 10 10 10 10 10 10 10 10 10 10 10 10 10 10 10 25 25 25 Final Carried 25 | 6 15 15 15 15 15 17 20 20 25 10 10 10 10 10 10 10 10 10 10 10 10 10 10 10 10 10 10 10 10 10 9 10 10 10 23 24 20 Class Distribution -------------------- 26% | Hacker-Scout 23% | Mutant 17% | Hacker-Sprinter 12% | Commander-Mutant 7% | Scavenger-Mutant 6% | Scavenger-Sprinter Dominant Class ---------------- Mutant | -10/Materials Mutant | -10/Mines Mutant | -9/Materials Mutant | -9/Mines Mutant | -9/Exiles Mutant | -8/Mines Scavenger-Mutant | -8/Materials Mutant | -8/Storage Commander-Mutant | -8/Recycling Commander-Mutant | -8/Scraptown Hacker-Scout | -6/Factory Hacker-Scout | -6/Waste Hacker-Scout | -6/Factory Hacker-Scout | -6/Lower Caves Hacker-Scout | -6/Lower Caves Hacker-Scout | -6/Data Miner Hacker-Scout | -5/Proximity Caves Hacker-Sprinter | -5/Factory Hacker-Sprinter | -5/Waste Hacker-Sprinter | -5/Factory Hacker-Sprinter | -5/Upper Caves Hacker-Sprinter | -5/Upper Caves Hacker-Sprinter | -5/Warlord Hacker-Sprinter | -4/Proximity Caves Hacker-Scout | -4/Factory Hacker-Scout | -4/Extension Hacker-Scout | -4/Cetus Hacker-Scout | -4/Archives Hacker-Scout | -4/Hub_04(d) Hacker-Scout | -3/Research Hacker-Scout | -3/Armory Hacker-Sprinter | -3/Lab Hacker-Scout | -2/Research Hacker-Scout | -2/Quarantine Scavenger-Sprinter | -2/Protoforge Scavenger-Sprinter | -1/Access Scavenger-Sprinter | -1/Command Resources | -11 -10 -10 -9 -9 -9 -8 -8 -8 -8 -8 -6 -6 -6 -6 -6 -6 -5 -5 -5 -5 -5 -5 -5 -4 -4 -4 -4 -4 -4 -3 -3 -3 -2 -2 -2 -1 -1 ----------- Run | Yrd Mat Min Mat Min Exi Min Mat Sto Rec Scr Fac Was Fac Low Low Dat Pro Fac Was Fac Upp Upp War Pro Fac Ext Cet Arc Hub Res Arm Lab Res Qua Frg Acc Com Matter Collected 11564 | 264 305 16 736 48 20 10 284 704 193 981 452 28 110 30 54 . 109 359 480 545 285 20 . 115 394 90 90 20 130 200 206 . 239 95 3148 461 343 Remotely . | . . . . . . . . . . . . . . . . . . . . . . . . . . . . . . . . . . . . . . Salvage Created 26429 | 82 566 98 1790 246 . 397 1069 1657 570 75 665 281 130 1 . . 100 1526 253 1009 256 114 . . 1025 338 98 39 626 456 774 . 1653 744 4937 1918 2936 Parts 1208 | 8 46 6 95 18 . 15 58 73 19 5 31 4 10 2 . . 3 53 5 50 8 7 . 2 58 15 3 4 16 12 40 . 55 27 257 79 124 Haulers Intercepted 30 | . 2 . 3 . . . 2 6 . . 1 . . . . . . 3 . 3 . . . . 3 . . . 1 3 . . 2 1 . . . Recyclers Shooed 12 | . . . . . . 1 . 3 . . 1 . . . . . . 3 . . . . . . 3 . . . . . . . 1 . . . . Parts Field Recycled 26 | . . . . . . . . . . 26 . . . . . . . . . . . . . . . . . . . . . . . . . . . Retrieved Matter 84 | . . . . . . . . . . 84 . . . . . . . . . . . . . . . . . . . . . . . . . . . Parts Self-Destructed 69 | . . . . . . . . . . . . . . 9 11 . 5 . . . 24 17 . 3 . . . . . . . . . . . . . Prevented 2 | . . . . . . . . . . . . . . . . . . . . . 2 . . . . . . . . . . . . . . . . Parts Restored 16 | . . . . . . . . . . . . . . . . . . . . . . . . . 1 . . . . . . . . . 15 . . Broken 1 | . . . . . . . . . . . . . . . . . . . . . . . . . 1 . . . . . . . . . . . . Faulty 15 | . . . . . . . . . . . . . . . . . . . . . . . . . . . . . . . . . . . 15 . . Kills | -11 -10 -10 -9 -9 -9 -8 -8 -8 -8 -8 -6 -6 -6 -6 -6 -6 -5 -5 -5 -5 -5 -5 -5 -4 -4 -4 -4 -4 -4 -3 -3 -3 -2 -2 -2 -1 -1 ------- Run | Yrd Mat Min Mat Min Exi Min Mat Sto Rec Scr Fac Was Fac Low Low Dat Pro Fac Was Fac Upp Upp War Pro Fac Ext Cet Arc Hub Res Arm Lab Res Qua Frg Acc Com Combat Hostiles Destroyed 350 | . 11 2 30 4 . 9 16 22 5 1 2 1 . . . . 2 6 1 19 11 2 . 3 11 3 . . 3 2 10 . 11 7 100 36 20 Melee 156 | . . . . . . . . . . 1 2 . . . . . 1 3 . 6 1 2 . . 8 3 . . 3 2 10 . 11 7 58 24 14 Guns 77 | . 11 2 27 4 . 7 10 12 4 . . . . . . . . . . . . . . . . . . . . . . . . . . . . Cannons 11 | . . . . . . . . 3 1 . . . . . . . . . . . . . . . . . . . . . . . . . 4 1 2 AOE 101 | . . . 3 . . 2 6 6 . . . 1 . . . . 1 3 1 13 10 . . 3 3 . . . . . . . . . 38 11 . Classes Destroyed 30 | 2 6 . 4 . . . 2 1 2 2 . 1 . . . . . . . . . . . . . . . . . . 2 . . . 7 . 1 Worker 18 | . 1 . 3 1 . . 1 3 . . . . . 2 . . 1 . . 1 . . . . 1 . . . . . 3 . . . 1 . . Builder 9 | . 3 . . . . . . 3 . . . . . . . . . . . 2 . . . . . . . . . . . . . . 1 . . Tunneler 3 | 1 . . . . . . . . . . . . . . . . . . . . . . . . 1 . . . . . . . . . . 1 . Hauler 30 | . 2 . 3 . . . 2 6 . . 1 . . . . . . 3 . 3 . . . . 3 . . . 1 3 . . 2 1 . . . Recycler 28 | 1 . . 2 1 . . 1 2 4 . 3 . 1 . . . . 6 . . . . . . 1 . . . 2 . . . 4 . . . . Mechanic 4 | . . . 1 . . . 1 . . . . . . . . . . 1 . . . . . . . . . . . . . . . . 1 . . Operator 8 | . . . . . . . 2 1 . . 1 . 1 . . . . 2 . . . . . . . . . 1 . . . . . . . . . Drone 17 | . . . . . . . . . . . . . . . . . . . . . . . . . . . . . . . . . . . 16 . 1 Watcher 30 | . 3 . 1 . . . 2 1 . . 2 . . . . . . 4 . 3 . . . . 2 1 1 . 1 1 2 . 1 . 3 1 1 Swarmer 65 | . 6 . 5 4 . 3 5 4 . . 1 . . . . . . . . 10 6 . . 3 4 . . . . . 2 . . . . 12 . Cutter 1 | . . . . . . . . . . . . . . . . . . . . . . . . . . . . . . . 1 . . . . . . Saboteur 2 | . . . . . . . . . . . . . . . . . . . . . . . . . . . . . . . . . . . 2 . . Grunt 106 | . 5 2 11 2 . 4 5 9 . . . . . . . . 1 5 . 4 5 . . . 1 1 . . 3 . . . 9 5 20 14 . Brawler 11 | . . . 3 . . 2 . 3 . . . . . . . . 1 . . . . . . . . . . . . . . . . . 2 . . Duelist 10 | . . . 1 . . . . . 1 . . . . . . . . . . 1 . . . . . . . . . . . . . . 7 . . Protector 5 | . . . . . . . . 1 . . . . . . . . . . . . . . . . . . . . . . . . . . 3 1 . Researcher 4 | . . . . . . . . . . . . . . . . . . . . . . . . . . . . . . . . . . . 4 . . Sentry 37 | . . . 10 . . . 5 3 . . . . . . . . . . . 2 . . . . 1 1 . . . . 1 . . . 12 2 . Demolisher 1 | . . . . . . . . . 1 . . . . . . . . . . . . . . . . . . . . . . . . . . . . Specialist 1 | . . . . . . . . . . . . . . . . . . . . . . . . . . . . . . . 1 . . . . . . Hunter 26 | . . . . . . . 1 2 1 . . . . . . . . . . 1 . 2 . . 2 1 . . . 2 3 . . 2 4 5 . Programmer 36 | . . . . . . . . . 2 . 1 . . . . . . 1 . 1 . . . . 3 . . . . . 2 . 2 . 22 2 . Compactor 2 | . . . . . . . . . . . . 1 . . . . . . 1 . . . . . . . . . . . . . . . . . . Enhanced Q-Series 18 | . . . . . . . . . . . . . . . . . . . . . . . . . . . . . . . . . . . . . 18 Decapitator 3 | . . . . . . . . . . . . . . . . . . . . . . . . . . . . . . . . . . . 3 . . Executioner 1 | . . . . . . . . . . . . . . . . . . . . . . . . . . . . . . . . . . . 1 . . Alpha 7 4 | . . . . . . . . . . . . . . . . . . . . . . . . . . . . . . . . . . . 4 . . V-Series 4 | . . . . . . . . . . . . . . . . . . . . . . . . . . . . . . . . . . . 4 . . Guru 1 | . . . . . . . . . . 1 . . . . . . . . . . . . . . . . . . . . . . . . . . . Scientist 1 | . . . . . . . . . . 1 . . . . . . . . . . . . . . . . . . . . . . . . . . . Decomposer 1 | . . . . . . . . . . . . . . . . . . . . . 1 . . . . . . . . . . . . . . . . Tinkerer 1 | . . . . . . . . . . . . . . . . . . . . . . . . . . . . . . . . . . . 1 . . Thug 1 | . . . . . . . . . . . . . . . . . . . . . . . . . . 1 . . . . . . . . . . . Best Kill Streak 11 | 2 3 2 4 4 . 3 6 7 9 1 2 1 1 . . . 2 4 1 6 5 1 . 3 5 1 1 1 3 2 4 . 4 3 11 9 4 Combat Bots Only 10 | . 3 2 3 3 . 3 3 5 5 1 1 1 . . . . 2 3 1 6 5 1 . 3 4 1 . . 2 1 4 . 4 3 10 9 4 Max Kills in Single Turn 6 | 1 2 2 2 3 . 2 3 5 1 1 1 1 1 1 . . 2 3 1 6 2 1 . 3 4 1 1 1 1 1 1 . 1 1 4 4 1 Gunslinging 1 | . . 1 1 . . . . . . . . . . . . . . . . . . . . . . . . . . . . . . . . . . Exploded 5 | . . . 1 . . 2 3 3 . . . 1 . . . . 1 3 1 5 2 . . 3 3 . . . . . . . . . 4 4 . Melee 1 | . . . . . . . . . . 1 1 . . . . . 1 1 . 1 1 1 . . 1 1 . . 1 1 1 . 1 1 1 1 1 Uniques/NPCs Destroyed 3 | . . . . . . . . . . . . . . . . . . . . 1 . . . . . . 1 . . . . . . . . . 1 CL-0N3 (-5/Factory) A7 (-4/Cetus) MAIN.C Shell (-1/Command) Combat | -11 -10 -10 -9 -9 -9 -8 -8 -8 -8 -8 -6 -6 -6 -6 -6 -6 -5 -5 -5 -5 -5 -5 -5 -4 -4 -4 -4 -4 -4 -3 -3 -3 -2 -2 -2 -1 -1 -------- Run | Yrd Mat Min Mat Min Exi Min Mat Sto Rec Scr Fac Was Fac Low Low Dat Pro Fac Was Fac Upp Upp War Pro Fac Ext Cet Arc Hub Res Arm Lab Res Qua Frg Acc Com Hostile Shots Fired 1511 | . 40 5 122 14 . 21 45 109 37 . 22 . . 5 . . 4 2 . 11 3 6 . 16 46 12 2 . 4 6 58 . 18 102 531 121 149 Missed 643 | . 14 2 41 1 . 9 12 35 13 . 10 . . 4 . . 1 1 . 2 3 3 . 6 23 3 2 . 1 4 26 . 4 52 274 49 48 Intercepted 7 | . . . . . . . . . . . . . . . . . . . . . . . . . . . . . . . . . . . 1 . 6 Deflected 12 | . . . . . . . . . . . . . . . . . . . . . . . . . . . . . . . . . . . 9 3 . Hits 868 | . 26 3 81 13 . 12 33 74 24 . 12 . . 1 . . 3 1 . 9 . 3 . 10 23 9 . . 3 2 32 . 14 50 257 72 101 Melee 17 | . . . 1 . . 1 . . 2 . . . . . . . . . . . . . . . . . . . . . 1 . . . 12 . . Projectile 851 | . 26 3 80 13 . 11 33 74 22 . 12 . . 1 . . 3 1 . 9 . 3 . 10 23 9 . . 3 2 31 . 14 50 245 72 101 AOE 18 | . . . . . . . . . 3 . . . . . . . . . . . . . . . 1 . . . . . 2 . . . 8 1 3 Critical Strikes 60 | . . 1 4 . . 1 1 1 4 . . . . . . . 1 1 . 3 . . . 1 2 . 1 . . . 2 . 2 4 14 4 13 Actively Blocked 2 | . . . . . . . . . . . . . . . . . . . . . . . . . 1 . . . . . . . . . 1 . . Part Disruptions 16 | . . . . . . . . . 2 . . . . . . . . . . . . . . . 4 . . . . . . . . . 1 2 7 Actively Blocked 4 | . . . . . . . . . . . . . . . . . . . . . . . . . 2 . . . . . . . . . . . 2 Damage Taken 18402 | . 244 42 1095 137 . 192 512 1087 460 . 222 . . 66 . . 56 47 . 309 . 47 . 181 479 199 34 . 63 187 624 . 298 775 6916 1661 2469 Core 1866 | . 36 . 129 38 . 13 55 71 32 . 54 . . 21 . . 18 28 . 54 . . . 47 79 36 . . . 22 142 . 18 95 297 142 439 Absorbed by Shields 2837 | . . . . . . . . 36 16 . . . . . . . . . . . . . . . . 30 . . . . . . 25 247 406 . 2077 Redirected to Shielding 500 | . . . . . . . . . . . . . . . . . . . . . . . . 21 80 . . . . . . . . . 286 . 113 Ignored by Resistances 12 | . . . . . . . . . . . . . . . . . . . . . . . . . . 12 . . . . . . . . . . . Regen/Repaired (Parts) 3725 | . . . . . . . . . . . . 9 . . . . . . . 112 . . . . 97 71 . . . 23 321 . 77 298 1404 917 396 Core Remaining (%) 79 | 100 . 85 . . . 55 . . . 71 . . . . . . 89 . . . . . . 87 . . . . 90 . . 87 . . 63 . 63 Volleys Fired 443 | 2 38 3 86 8 . 15 41 82 15 . 7 2 . . . . 5 2 18 13 9 . . 3 10 . . . . . . . . . 41 21 22 Largest 2 | 2 2 2 2 2 . 2 2 2 2 . 1 1 . . . . 1 1 1 1 1 . . 1 1 . . . . . . . . . 1 1 1 Hottest 140 | 60 100 90 90 90 . 90 90 103 133 . 90 30 . . . . 30 80 80 80 80 . . 80 80 . . . . . . . . . 140 140 140 Shots Fired 708 | 4 75 6 172 16 . 30 80 143 30 . 7 2 . 1 . . 5 2 18 13 9 . . 3 10 . . . . . . . . . 39 21 22 Gun 499 | 4 74 6 172 16 . 30 78 98 20 . . . . . . . . . . . . . . . . . . . . . . . . . 1 . . Cannon 98 | . . . . . . . . 40 10 . 1 . . . . . . . . . . . . . . . . . . . . . . . 10 15 22 Launcher 103 | . . . . . . . 2 5 . . 6 2 . 1 . . 5 2 18 13 9 . . 3 3 . . . . . . . . . 28 6 . Special 8 | . 1 . . . . . . . . . . . . . . . . . . . . . . . 7 . . . . . . . . . . . . Kinetic 166 | 2 18 . 61 . . . 8 69 7 . . . . . . . . . . . . . . . . . . . . . . . . . 1 . . Thermal 126 | . 1 . . . . . . 54 23 . 1 . . . . . . . . . . . . . . . . . . . . . . . 10 15 22 Explosive 96 | . . . . . . . . . . . 6 2 . 1 . . 5 2 18 13 9 . . 3 3 . . . . . . . . . 28 6 . Electromagnetic 313 | 2 56 6 111 16 . 30 72 20 . . . . . . . . . . . . . . . . . . . . . . . . . . . . . Robot Hit Streak 28 | 3 6 4 16 3 . 9 14 18 10 . . 12 . . . . 2 . 11 . 13 . . 14 2 . . . . . . . . . 14 22 28 Robot Miss Streak 7 | . 7 2 6 3 . 2 7 3 2 . . . . 1 . . . . . . . . . . 3 . . . . . . . . . 2 . 1 Penetration Max 1 | . . . . . . . . . . . . . . . . . . . . . . . . . . . . . . . . . . . 1 . 1 Secondary Targets 12 | . 2 1 5 . . . . 3 1 . . . . . . . . . . . . . . . . . . . . . . . . . . . . Max Gunslinging Chain 1 | . 1 1 1 . . . . 1 1 . . . . . . . . . . . . . . . . . . . . . . . . . . . . Capacitor 13 | . . . . . . . . . . . . . . . . . . . . . . . . . . . . . . . . . . . . . 13 Shots Hit Robots 1142 | 3 45 5 135 9 . 27 61 101 24 2 15 4 3 . . . 4 46 9 33 6 3 . 2 33 15 12 1 11 7 36 . 38 28 216 59 149 Core Hits 755 | 3 30 6 73 9 . 20 48 55 12 1 9 2 1 3 . . 5 27 5 48 18 2 . 4 23 6 3 1 5 6 15 . 18 13 193 45 46 Critical Kills 4 | . . . . . . . . . . . . . . . . . . . . . . . . . . . . . . . . . . . . . 4 Critical Parts Destroyed 3 | . . . 1 . . . . 2 . . . . . . . . . . . . . . . . . . . . . . . . . . . . . Critical Strikes 177 | . . . 1 . . . . 2 3 . . . . . . . . 1 . 4 1 . . . 2 3 . . 1 1 3 . 2 6 67 14 66 Burn 3 | . . . . . . . . . 3 . . . . . . . . . . . . . . . . . . . . . . . . . . . . Meltdown 4 | . . . . . . . . . . . . . . . . . . . . . . . . . . . . . . . . . . . . . 4 Destroy 1 | . . . . . . . . 1 . . . . . . . . . . . . . . . . . . . . . . . . . . . . . Smash 2 | . . . 1 . . . . 1 . . . . . . . . . . . . . . . . . . . . . . . . . . . . . Sever 57 | . . . . . . . . . . . . . . . . . . 1 . 4 1 . . . 2 3 . . 1 1 3 . 2 6 31 2 . Impale 110 | . . . . . . . . . . . . . . . . . . . . . . . . . . . . . . . . . . . 36 12 62 Melee Attacks 1293 | . . . 13 . . . 10 27 5 3 80 3 14 2 9 . 8 79 . 92 8 11 . 5 71 41 12 1 44 22 97 4 67 49 280 93 143 Impact 55 | . . . 13 . . . 10 27 5 . . . . . . . . . . . . . . . . . . . . . . . . . . . . Slashing 974 | . . . . . . . . . . 3 80 3 14 2 9 . 8 79 . 92 8 11 . 5 71 41 12 1 44 22 97 4 67 49 193 59 . Piercing 260 | . . . . . . . . . . . . . . . . . . . . . . . . . . . . . . . . . . . 87 34 139 Sneak Attacks 118 | . . . 1 . . . 1 3 2 1 5 2 2 . . . . 14 . 8 1 . . . 10 5 9 1 5 5 5 . 10 6 17 5 . Combat Hostiles 26 | . . . . . . . . . . . . . . . . . . . . 3 . . . . 4 2 . . 1 2 . . 2 5 3 4 . Follow-up Attacks 52 | . . . . . . . . . . . . . . . . . . . . . . . . . 1 1 1 . 2 . 6 . 6 3 14 8 10 Martial Strikes 31 | . . . . . . . . . . . . . . . . . . . . . . . . . . . . . . . . . . . 31 . . Damage Inflicted 81817 | 42 756 78 2460 288 . 563 1503 3368 718 158 914 374 245 118 . . 311 3046 2440 4419 1701 160 . 488 2959 1316 957 176 963 721 2413 . 2842 2044 27071 8318 7887 Guns 5791 | 42 679 78 1964 122 . 387 1015 1105 399 . . . . . . . . . . . . . . . . . . . . . . . . . . . . Cannons 3146 | . . . . . . . . 678 108 . . . . . . . . . . . . . . . . . . . . . . . . . 605 186 1569 Explosions 25350 | . 75 . 417 160 . 174 444 1214 . . . 222 . 118 . . 223 366 2440 2334 1431 . . 430 552 . . . . . . . . . 11778 2972 . Melee 47506 | . . . 65 . . . 44 371 211 158 914 152 245 . . . 88 2680 . 2085 270 160 . 58 2407 1316 957 176 963 721 2413 . 2842 2044 14688 5160 6318 Ramming 24 | . 2 . 14 6 . 2 . . . . . . . . . . . . . . . . . . . . . . . . . . . . . . . Kinetic 1756 | 15 163 . 631 . . . 99 773 75 . . . . . . . . . . . . . . . . . . . . . . . . . . . . Thermal 5157 | . 75 . 417 160 . 174 273 1266 432 . . . . . . . . . . . . . . . . . . . . . . . . . 605 186 1569 Explosive 22866 | . . . . . . . . . . . . 222 . 118 . . 223 366 2440 2334 1431 . . 430 552 . . . . . . . . . 11778 2972 . Electromagnetic 4508 | 27 516 78 1333 122 . 387 1087 958 . . . . . . . . . . . . . . . . . . . . . . . . . . . . . Impact 691 | . . . 65 . . . 44 371 211 . . . . . . . . . . . . . . . . . . . . . . . . . . . . Slashing 33578 | . . . . . . . . . . 158 914 152 245 . . . 88 2680 . 2085 270 160 . 58 2407 1316 957 176 963 721 2413 . 2842 2044 8941 3988 . Piercing 13237 | . . . . . . . . . . . . . . . . . . . . . . . . . . . . . . . . . . . 5747 1172 6318 Highest Corruption 43 | . . . . . . 4 2 6 10 1 . 9 9 9 9 3 3 6 . . . . . . 2 . . . . . 1 1 . 1 43 5 7 Average Corruption 8 | . . . . . . 4 2 4 8 1 . 9 9 9 5 3 3 5 . . . . . . 1 . . . . . 1 1 . 1 17 3 2 Corruption Purged 33 | . . . . . . . . . . . . . . . 6 . . 6 . . . . . . 2 . . . . . . . . . . 2 17 Corruption Blocked . | . . . . . . . . . . . . . . . . . . . . . . . . . . . . . . . . . . . . . . Effects 302 | . . . . . . . 7 51 35 . . 3 11 13 9 . 3 19 . . . . . . 1 . . . . . 3 . . . 132 12 3 Message Errors 62 | . . . . . . . . 11 8 . . 1 2 3 2 . 1 3 . . . . . . . . . . . . . . . . 27 2 2 Matter Fused 68 | . . . . . . . 3 16 7 . . 1 . 3 2 . 1 8 . . . . . . . . . . . . . . . . 22 5 . Heat Flow Errors 33 | . . . . . . . . 2 9 . . . 1 1 . . 1 2 . . . . . . . . . . . . . . . . 16 1 . Energy Discharges 31 | . . . . . . . 1 8 4 . . 1 1 2 . . . . . . . . . . . . . . . . . . . . 12 2 . Parts Rejected 5 | . . . . . . . . . . . . . . . . . . 2 . . . . . . . . . . . . . . . . 3 . . Parts Fused 6 | . . . . . . . 1 . . . . . 1 . 1 . . . . . . . . . . . . . . . 1 . . . 2 . . Data Loss (minor) 43 | . . . . . . . 1 8 5 . . . 5 1 2 . . 2 . . . . . . 1 . . . . . 2 . . . 13 2 1 Data Loss (major) 13 | . . . . . . . . 4 1 . . . 1 1 1 . . 2 . . . . . . . . . . . . . . . . 3 . . Misfires 3 | . . . . . . . 1 . . . . . . 1 . . . . . . . . . . . . . . . . . . . . 1 . . Alerts 9 | . . . . . . . . 1 1 . . . . 1 1 . . . . . . . . . . . . . . . . . . . 5 . . Misdirections 25 | . . . . . . . . . . . . . . . . . . . . . . . . . . . . . . . . . . . 25 . . Weapon Failures 4 | . . . . . . . . 1 . . . . . . . . . . . . . . . . . . . . . . . . . . 3 . . Overload Shots . | . . . . . . . . . . . . . . . . . . . . . . . . . . . . . . . . . . . . . . Overflow Damage 7467 | . . . 71 . . . 34 348 96 28 69 . 89 . . . 7 275 54 198 131 . . 18 474 92 99 . 180 . 458 . 408 107 2540 1365 326 Projectiles 143 | . . . . . . . . 4 . . . . . . . . . . . . . . . . . . . . . . . . . . 33 49 57 Explosions 800 | . . . 6 . . . 15 42 . . . . . . . . 7 . 54 134 131 . . 5 14 . . . . . . . . . 266 126 . Melee 6524 | . . . 65 . . . 19 302 96 28 69 . 89 . . . . 275 . 64 . . . 13 460 92 99 . 180 . 458 . 408 107 2241 1190 269 Knockbacks 2 | . . . . . . . 1 1 . . . . . . . . . . . . . . . . . . . . . . . . . . . . . Impact 2 | . . . . . . . 1 1 . . . . . . . . . . . . . . . . . . . . . . . . . . . . . Kinetic . | . . . . . . . . . . . . . . . . . . . . . . . . . . . . . . . . . . . . . . Secondary . | . . . . . . . . . . . . . . . . . . . . . . . . . . . . . . . . . . . . . . Self-Inflicted Damage 552 | . . . 69 38 . . 60 32 . . 60 . . 47 . . . . . . . . . . . . . . . . . . . . 246 . . Shots 21 | . . . 2 1 . . 2 3 . . 2 . . 1 . . . . . . . . . . . . . . . . . . . . 10 . . Rammed 6 | . 1 . 3 1 . 1 . . . . . . . . . . . . . . . . . . . . . . . . . . . . . . . Targets Rammed 7 | . 1 . 3 1 . 1 . 1 . . . . . . . . . . . . . . . . . . . . . . . . . . . . . Kicked . | . . . . . . . . . . . . . . . . . . . . . . . . . . . . . . . . . . . . . . Crushed 1 | . . . . . . . . 1 . . . . . . . . . . . . . . . . . . . . . . . . . . . . . Highest Temperature 422 | . 273 132 201 125 . 319 159 288 249 . 44 2 117 206 1 1 223 171 198 86 80 . . 84 192 6 . . 422 124 197 8 319 200 258 259 270 Average Temperature 62 | . 69 68 53 53 . 132 53 78 62 . 10 2 25 34 1 1 78 74 64 27 34 . . 42 64 3 . . 179 37 42 4 81 117 80 76 100 Received Heat Transfer 2029 | . 66 42 381 . . 117 171 265 27 . 21 . . . . . 45 9 . 9 . . . . 9 33 . . 9 9 33 . 27 30 429 153 144 Thermoelectric Energy+ 152 | . . . . . . . . . . . . . . . . . . . . . . . . . . . . . . . . . . . . . 152 Effects 6 | . . . . . . 2 . 1 . . . . . . . . . . . . . . . . . . . . . . . . 1 . . . 2 Energy Bleed 4 | . . . . . . . . 1 . . . . . . . . . . . . . . . . . . . . . . . . 1 . . . 2 Interference 2 | . . . . . . 2 . . . . . . . . . . . . . . . . . . . . . . . . . . . . . . . Siege Activations . | . . . . . . . . . . . . . . . . . . . . . . . . . . . . . . . . . . . . . . Martial Activations . | . . . . . . . . . . . . . . . . . . . . . . . . . . . . . . . . . . . . . . Shielding Activations . | . . . . . . . . . . . . . . . . . . . . . . . . . . . . . . . . . . . . . . Robots Disrupted 1 | . 1 . . . . . . . . . . . . . . . . . . . . . . . . . . . . . . . . . . . . Combat Hostiles 1 | . 1 . . . . . . . . . . . . . . . . . . . . . . . . . . . . . . . . . . . . Robots Corrupted 4 | . . . 1 . . . 1 2 . . . . . . . . . . . . . . . . . . . . . . . . . . . . . Combat Hostiles 1 | . . . . . . . . 1 . . . . . . . . . . . . . . . . . . . . . . . . . . . . . Parts Fried 29 | . 2 . 9 . . 2 9 6 . . . . . . . . . . . . . . . . . . . . . . . . . . . . 1 Impact Corruptions 10 | . . . 1 . . . 1 6 2 . . . . . . . . . . . . . . . . . . . . . . . . . . . . Robots Melted 4 | . . . . . . . . . . . . . . . . . . . . . . . . . . . . . . . . . . . . . 4 Combat Hostiles 4 | . . . . . . . . . . . . . . . . . . . . . . . . . . . . . . . . . . . . . 4 Parts Melted 14 | . 2 . . . . . . 3 1 . . . . . . . . . . . . . . . . . . . . . . . . . . . 8 Heat Transferred 5634 | . 100 . 500 250 . 250 300 1871 851 . . . . . . . . . . . . . . . . . . . . . . . . . 350 100 1062 Parts Sabotaged . | . . . . . . . . . . . . . . . . . . . . . . . . . . . . . . . . . . . . . . Parts Stolen . | . . . . . . . . . . . . . . . . . . . . . . . . . . . . . . . . . . . . . . Parts Stripped . | . . . . . . . . . . . . . . . . . . . . . . . . . . . . . . . . . . . . . . Power Chain Reactions 18 | . 1 . 7 1 . 3 3 3 . . . . . . . . . . . . . . . . . . . . . . . . . . . . . Alert | -11 -10 -10 -9 -9 -9 -8 -8 -8 -8 -8 -6 -6 -6 -6 -6 -6 -5 -5 -5 -5 -5 -5 -5 -4 -4 -4 -4 -4 -4 -3 -3 -3 -2 -2 -2 -1 -1 ------- Run | Yrd Mat Min Mat Min Exi Min Mat Sto Rec Scr Fac Was Fac Low Low Dat Pro Fac Was Fac Upp Upp War Pro Fac Ext Cet Arc Hub Res Arm Lab Res Qua Frg Acc Com Maximum Alert Level 5 | . . . 2 . . . 1 2 1 . 3 1 1 . . . . 3 1 5 . . . . 4 2 2 1 2 1 3 . 2 1 5 5 5 Low Security (%) 40 | 100 100 100 64 100 . 100 70 4 97 . 68 . 51 . . . . 16 . 2 . . . . 20 . . 5 6 27 11 . 31 63 8 . 83 Level 1 21 | . . . 29 . . . 29 79 2 . 3 100 48 . . . . 18 100 6 . . . . . 31 74 94 27 72 8 . 37 36 3 . . Level 2 12 | . . . 5 . . . . 15 . . 6 . . . . . . 25 . 3 . . . . 18 68 25 . 65 . 23 . 30 . 16 . . Level 3 13 | . . . . . . . . . . . 21 . . . . . . 39 . 26 . . . . 58 . . . . . 56 . . . 33 . . Level 4 5 | . . . . . . . . . . . . . . . . . . . . 52 . . . . 2 . . . . . . . . . 12 18 . Level 5 5 | . . . . . . . . . . . . . . . . . . . . 8 . . . . . . . . . . . . . . 25 57 16 High Security . | . . . . . . . . . . . . . . . . . . . . . . . . . . . . . . . . . . . . 24 . Max Security . | . . . . . . . . . . . . . . . . . . . . . . . . . . . . . . . . . . . . . . Peak Influence 2920 | 10 81 50 449 173 . 94 284 468 210 . 843 297 289 . . . . 891 368 1608 . . . . 1205 590 424 334 676 336 980 . 603 351 2825 2920 1855 Initial 1843 | . . 26 1 173 . . 1 114 180 . . 293 179 . . . . 169 300 222 . . . . . 434 270 153 67 273 21 . . 129 141 1602 1843 Average 496 | . 25 5 187 50 . 28 118 352 53 . 264 279 210 . . . . 555 338 1073 . . . . 594 419 344 258 447 212 646 . 279 159 1201 2108 1265 Influence Increases 26599 | 10 425 57 1031 207 . 228 715 1182 228 . 1380 13 352 472 205 . 102 1234 138 2858 565 122 . 108 1977 1331 374 221 1339 381 1894 . 1007 664 3650 2057 72 Destroy 0b10 Robot/C 13020 | . 220 40 600 160 . 180 320 620 160 . 540 . 140 220 140 . 80 500 . 1460 400 80 . 80 1100 580 160 80 380 180 800 . 440 220 1960 1160 20 Destroy 0b10 Robot/NC 915 | 10 45 . 50 10 . . 45 90 25 . 45 . 10 . . . . 105 . 85 . . . . 55 25 10 5 45 25 35 . 60 10 95 25 5 Destroy Leader 2318 | . 60 10 178 20 . 30 108 146 . . 130 . 30 40 . . 10 110 . 312 40 20 . 10 192 66 . . 98 50 164 . 106 22 198 166 2 Allied During Kill 4218 | . . . . 10 . . . 93 33 . 286 . 91 212 65 . 12 191 . 459 125 22 . 18 354 486 166 85 494 50 549 . 228 47 64 78 . Trap Triggered on 0b10 40 | . . . . . . . . . . . . . . . . . . . . . . . . . 40 . . . . . . . . . . . . Successful Hack 830 | . 17 7 17 . . . 13 30 9 . 65 . 62 . . . . 16 . 127 . . . . 52 10 . . 27 33 75 . 71 35 88 76 . Select Force Hacks 140 | . 60 . 30 . . . . . . . . . . . . . . . . . . . . . . . . . 50 . . . . . . . . Disable Machine 870 | . . . 30 . . . 60 60 . . 15 . . . . . . 60 . 30 . . . . 15 45 . 30 45 . 60 . . 60 315 30 15 Destroy Structure 2013 | . 8 . 36 7 . 18 64 53 1 . 89 13 19 . . . . 72 138 220 . . . . 124 104 38 6 80 28 76 . 42 30 450 282 15 Advance Influence 150 | . . . . . . . . . . . . . . . . . . 150 . . . . . . . . . . . . . . . . . . . Partial Spotted 465 | . . . 15 . . . 45 . . . 45 . . . . . . 30 . 75 . . . . 15 . . 15 30 15 . . 45 15 75 30 15 Lose Combat Pursuer 1620 | . 15 . 75 . . . 60 90 . . 165 . . . . . . . . 90 . . . . 30 15 . . 90 . 135 . 15 225 405 210 . Influence Decreases 24744 | 10 356 120 592 652 . 222 449 992 690 . 541 596 363 282 384 256 70 407 679 1570 913 450 930 108 1089 1736 473 411 1011 863 1127 807 777 641 1232 1847 1098 Entered New Map 8673 | . . 43 5 272 . . 5 158 282 . . 546 77 92 84 256 . 13 559 96 595 240 930 . . 454 213 231 127 249 19 807 . 101 112 1069 1038 Time Decay 9689 | 10 356 77 557 377 . 222 424 644 292 . 461 50 206 170 190 . 70 374 120 610 278 190 . 60 500 422 130 160 474 322 458 . 247 190 710 278 60 Lost Part 500 | . . . 30 . . . 20 90 . . . . . . . . . . . 20 . . . . 20 . 10 . 10 . 10 . . 20 230 40 . Lost Ally 3736 | . . . . 3 . . . 100 116 . 80 . 80 20 110 . . 20 . 640 40 20 . 48 269 260 120 20 250 . 340 . 380 180 180 460 . Purge Threat 2146 | . . . . . . . . . . . . . . . . . . . . 204 . . . . 300 600 . . 150 292 300 . 150 150 . . . Squads Dispatched 151 | . 3 . 2 1 . . 6 4 . . 14 . 2 . . . . 6 . 25 . . . . 11 3 . . 13 6 10 . 9 8 18 10 . Investigation 41 | . 2 . 2 1 . . 1 1 . . 6 . 2 . . . . 2 . 5 . . . . 2 . . . 3 4 4 . 1 4 . 1 . Extermination 37 | . . . . . . . . . . . 4 . . . . . . 2 . 5 . . . . 5 . . . 4 . 4 . 1 2 8 2 . Reinforcement 32 | . 1 . . . . . 2 1 . . 2 . . . . . . 2 . 4 . . . . 2 2 . . 4 2 1 . 6 2 . 1 . Assault 30 | . . . . . . . . 2 . . 1 . . . . . . . . 5 . . . . 2 1 . . 1 . 1 . 1 . 10 6 . Garrison 11 | . . . . . . . 3 . . . 1 . . . . . . . . 6 . . . . . . . . 1 . . . . . . . . Intercept . | . . . . . . . . . . . . . . . . . . . . . . . . . . . . . . . . . . . . . . Searches Triggered . | . . . . . . . . . . . . . . . . . . . . . . . . . . . . . . . . . . . . . . Unchained Authorized 3 | . . . . . . . . . . . . . . . . . . . . 1 . . . . . . . . . . . . 1 1 . . . Data Miner Redirects 5 | . . . . . . . . . . . . . . . . . . . . . . . . . 1 1 . . . . . . . . 3 . . Construction Impeded 4 | . . . . . . . . 1 . . . . . . . . . . . 1 . . . . . 1 . . . . . . 1 . . . . Haulers Reinforced 5 | . . . . . . . . . . . . . . . . . . 1 . 1 . . . . . . . . 1 . . . 1 1 . . . Active Scanning Responses . | . . . . . . . . . . . . . . . . . . . . . . . . . . . . . . . . . . . . . . Cargo Convoy Interrupts . | . . . . . . . . . . . . . . . . . . . . . . . . . . . . . . . . . . . . . . Stealth | -11 -10 -10 -9 -9 -9 -8 -8 -8 -8 -8 -6 -6 -6 -6 -6 -6 -5 -5 -5 -5 -5 -5 -5 -4 -4 -4 -4 -4 -4 -3 -3 -3 -2 -2 -2 -1 -1 --------- Run | Yrd Mat Min Mat Min Exi Min Mat Sto Rec Scr Fac Was Fac Low Low Dat Pro Fac Was Fac Upp Upp War Pro Fac Ext Cet Arc Hub Res Arm Lab Res Qua Frg Acc Com Distress Signals 65 | . 1 . 7 . . . 1 2 . . 1 . . . . . . . . 5 . . . . 4 2 2 . 2 7 5 . 5 6 3 7 5 Communications Jammed . | . . . . . . . . . . . . . . . . . . . . . . . . . . . . . . . . . . . . . . Distress Signals . | . . . . . . . . . . . . . . . . . . . . . . . . . . . . . . . . . . . . . . Times Spotted 842 | . 22 2 46 7 . 6 26 48 7 3 35 6 4 4 1 . 5 23 5 48 10 5 . 6 47 27 7 2 21 11 44 . 30 36 162 77 59 Peak Tracking Total 17 | . 4 2 5 3 . 3 5 10 5 17 5 2 2 3 . . 4 4 2 7 4 2 . 4 6 6 5 1 5 4 7 . 8 16 13 14 9 Tactical Retreats 56 | . 1 . 5 . . . 3 2 . 1 6 . . . . . . . . 2 . . . . 1 1 . . 3 . 5 . 1 3 12 9 1 ECM-based Alert Blocks 28 | . . . . . . . . . . . . . . . . . . . . . . . . . . . . . . . . . . . 14 11 3 ID Masks Used 1 | . . . . . . . . . . . . . . . . . . . . 1 . . . . . . . . . . . . . . . . . IFF Responses 1 | . . . . . . . . . . . . . . . . . . . . 1 . . . . . . . . . . . . . . . . . Traps | -11 -10 -10 -9 -9 -9 -8 -8 -8 -8 -8 -6 -6 -6 -6 -6 -6 -5 -5 -5 -5 -5 -5 -5 -4 -4 -4 -4 -4 -4 -3 -3 -3 -2 -2 -2 -1 -1 ------- Run | Yrd Mat Min Mat Min Exi Min Mat Sto Rec Scr Fac Was Fac Low Low Dat Pro Fac Was Fac Upp Upp War Pro Fac Ext Cet Arc Hub Res Arm Lab Res Qua Frg Acc Com Traps Triggered 27 | . . . 1 . . . 1 2 . . 1 . 1 . . . . 1 . 2 . . . . . . . . . 1 2 . . . 14 1 . Indirectly . | . . . . . . . . . . . . . . . . . . . . . . . . . . . . . . . . . . . . . . Trap Hack Attempts . | . . . . . . . . . . . . . . . . . . . . . . . . . . . . . . . . . . . . . . Triggered . | . . . . . . . . . . . . . . . . . . . . . . . . . . . . . . . . . . . . . . Disarmed 6 | . . . . . . . . . . . . . . . . . . . . . . . . . . 6 . . . . . . . . . . . Reprogrammed 7 | . . . . . . . . . . . . . . . . . . . . 1 . . . . 6 . . . . . . . . . . . . Reused 6 | . . . . . . . . . . . . . . . . . . . . . . . . . 6 . . . . . . . . . . . . Traps Extracted . | . . . . . . . . . . . . . . . . . . . . . . . . . . . . . . . . . . . . . . Installed . | . . . . . . . . . . . . . . . . . . . . . . . . . . . . . . . . . . . . . . Triggered 4 | . . . . . . . . . . . . . . . . . . . . . . . . . 4 . . . . . . . . . . . . Machines | -11 -10 -10 -9 -9 -9 -8 -8 -8 -8 -8 -6 -6 -6 -6 -6 -6 -5 -5 -5 -5 -5 -5 -5 -4 -4 -4 -4 -4 -4 -3 -3 -3 -2 -2 -2 -1 -1 ---------- Run | Yrd Mat Min Mat Min Exi Min Mat Sto Rec Scr Fac Was Fac Low Low Dat Pro Fac Was Fac Upp Upp War Pro Fac Ext Cet Arc Hub Res Arm Lab Res Qua Frg Acc Com Machines Disabled 70 | . . . 2 1 . . 4 4 . 3 1 . . . . . . 4 . 2 . . . . 1 7 . 2 3 . 4 1 . 4 24 2 1 Max in Single Turn 3 | . . . 1 1 . . 3 1 . 1 1 . . . . . . 1 . 2 . . . . . 1 . . 1 . 1 1 . 1 2 1 1 Garrison Access 17 | . . . . . . . . . . . 3 . 2 . . . . 1 . 3 . . . . 2 . . . 2 . . . 1 1 1 1 . Network Hub 2 | . . . . . . . . . . . . . . . . . . . . . . . . . . . . . 2 . . . . . . . . Energy Cycler 2 | . . . . . . . . . . . . . . . . . . . . . . . . . . 2 . . . . . . . . . . . Machines Repaired . | . . . . . . . . . . . . . . . . . . . . . . . . . . . . . . . . . . . . . . Machines Dismantled . | . . . . . . . . . . . . . . . . . . . . . . . . . . . . . . . . . . . . . . Machines Sabotaged 1 | . . . . . . . . . . . . . . . . . . . . . . . . . . . . . 1 . . . . . . . . Overloaded Fab Kills . | . . . . . . . . . . . . . . . . . . . . . . . . . . . . . . . . . . . . . . Hacking | -11 -10 -10 -9 -9 -9 -8 -8 -8 -8 -8 -6 -6 -6 -6 -6 -6 -5 -5 -5 -5 -5 -5 -5 -4 -4 -4 -4 -4 -4 -3 -3 -3 -2 -2 -2 -1 -1 --------- Run | Yrd Mat Min Mat Min Exi Min Mat Sto Rec Scr Fac Was Fac Low Low Dat Pro Fac Was Fac Upp Upp War Pro Fac Ext Cet Arc Hub Res Arm Lab Res Qua Frg Acc Com Machines Accessed 232 | . 8 1 5 2 . . 9 12 8 1 21 . 9 . 1 4 . 17 . 34 1 . . . 15 10 . . 11 5 11 . 12 12 8 11 4 Terminals 129 | . 6 1 3 1 . . 7 10 6 . 8 . 4 . 1 . . 6 . 18 . . . . 6 8 . . 9 2 6 . 4 8 6 5 4 Fabricators 24 | . . . . . . . . . . . 5 . 1 . . . . 3 . 6 . . . . 1 . . . . 1 4 . 1 . . 2 . Repair Stations 16 | . . . . . . . . . . . 2 . . . . . . 1 . 3 . . . . 2 1 . . . 1 1 . 2 2 . 1 . Recycling Units 20 | . 2 . 1 . . . 1 2 2 . . . . . . . . 5 . 2 . . . . 2 1 . . . . . . 2 . . . . Scanalyzers 16 | . . . 1 . . . 1 . . . 3 . 2 . . . . 1 . 1 . . . . 2 . . . . 1 . . 2 1 1 . . Garrison Access 20 | . . . . . . . . . . . 3 . 2 . . . . 1 . 4 . . . . 2 . . . 2 . . . 1 1 1 3 . Total Hacks 742 | . 20 1 14 2 . . 21 30 11 19 63 . 28 . 6 30 . 49 . 92 3 . . . 49 35 . . 28 21 50 . 56 46 33 25 10 Successful 452 | . 12 1 9 2 . . 7 17 8 19 39 . 19 . 6 30 . 35 . 52 3 . . . 28 21 . . 22 9 32 . 37 22 15 6 1 Failed 289 | . 8 . 5 . . . 14 13 3 . 23 . 9 . . . . 14 . 40 . . . . 21 14 . . 6 12 18 . 19 24 18 19 9 Catastrophic 46 | . . . . . . . 5 1 . . 4 . . . . . . . . 8 . . . . 4 2 . . 1 . . . 2 4 4 9 2 Database Lockouts 1 | . . . . . . . . . . . 1 . . . . . . . . . . . . . . . . . . . . . . . . . . Manual 277 | . 19 1 6 1 . . 1 17 9 . 23 . 12 . . . . 16 . 34 . . . . 17 17 1 . 15 . 19 . 22 22 12 6 7 Terminals 415 | . 18 1 8 1 . . 17 26 9 . 17 . 10 . 6 . . 18 . 54 . . . . 23 30 . . 26 12 28 . 26 39 23 13 10 Fabricators 97 | . . . . . . . . . . . 21 . 12 . . . . 11 . 19 . . . . 5 . . . . 2 18 . 4 . . 5 . Repair Stations 39 | . . . . . . . . . . . 5 . . . . . . 2 . 5 . . . . 6 2 . . . 4 4 . 5 3 . 3 . Recycling Units 41 | . 2 . 1 . . . 1 4 2 . . . . . . . . 12 . 4 . . . . 4 3 . . . . . . 8 . . . . Scanalyzers 65 | . . . 5 . . . 3 . . . 15 . 4 . . . . 5 . 1 . . . . 7 . . . . 3 . . 12 1 9 . . Garrison Access 32 | . . . . . . . . . . . 5 . 2 . . . . 1 . 9 . . . . 4 . . . 2 . . . 1 3 1 4 . Terminal Hacks 174 | . 2 1 2 2 . . 4 6 . 19 2 . . . 6 30 . 7 . 17 3 . . . 6 13 . . 12 4 10 . 10 11 5 1 1 Record 40 | . . . . . . . . . . 19 . . . . 6 11 . . . . 3 . . . . . . . . . . . . . 1 . . Part Schematic 11 | . 1 1 . . . . . . . . . . . . . 8 . . . . . . . . . 1 . . . . . . . . . . . Robot Schematic 11 | . . . . 1 . . . . . . . . . . . 8 . 1 . 1 . . . . . . . . . . . . . . . . . Robot Analysis 4 | . 1 . . . . . . . . . . . . . . . . 2 . . . . . . . . . . . . 1 . . . . . . Prototype ID Bank 12 | . . . . . . . 2 . . . . . . . . 3 . 3 . 2 . . . . . . . . 1 . 1 . . . . . . Open Door 5 | . . . . 1 . . . 2 . . . . . . . . . . . . . . . . . . . . . . . . 1 . . . 1 Level Access Points 1 | . . . . . . . . . . . . . . . . . . . . . . . . . . . . . . . 1 . . . . . . Branch Access Points 3 | . . . 1 . . . . . . . . . . . . . . . . . . . . . 1 . . . . . . . 1 . . . . Machine Index 1 | . . . . . . . . . . . . . . . . . . . . . . . . . . . . . 1 . . . . . . . . Terminal Index 7 | . . . . . . . . . . . . . . . . . . 1 . 1 . . . . . . . . 1 . 1 . 1 1 . 1 . Alert Level 10 | . . . . . . . . . . . 1 . . . . . . . . 2 . . . . . 2 . . 1 1 1 . . 1 1 . . Unreport Threat 15 | . . . . . . . . . . . . . . . . . . . . 2 . . . . 2 4 . . 1 2 2 . 1 1 . . . Locate Traps 15 | . . . . . . . 1 2 . . . . . . . . . . . 1 . . . . 2 2 . . 2 . 1 . 1 1 2 . . Disarm Traps 3 | . . . . . . . . . . . . . . . . . . . . . . . . . . 3 . . . . . . . . . . . Reprogram Traps 2 | . . . . . . . . . . . . . . . . . . . . 1 . . . . 1 . . . . . . . . . . . . Investigation Status 1 | . . . . . . . . . . . . . . . . . . . . . . . . . . . . . . . . . 1 . . . . Extermination Status 2 | . . . . . . . . . . . . . . . . . . . . 1 . . . . . . . . . . 1 . . . . . . Recall Investigation 1 | . . . . . . . . . . . . . . . . . . . . 1 . . . . . . . . . . . . . . . . . Recall Extermination 4 | . . . . . . . . . . . . . . . . . . . . 1 . . . . . . . . 2 . . . . 1 . . . Recall Reinforcements 3 | . . . . . . . . . . . . . . . . . . . . . . . . . . 1 . . . . . . 1 1 . . . Recall Assault 2 | . . . . . . . . . . . . . . . . . . . . 1 . . . . . . . . . . 1 . . . . . . Hauler Manifests 5 | . . . . . . . 1 . . . 1 . . . . . . . . . . . . . . . . . . 1 . . 1 1 . . . Registered Components 3 | . . . . . . . . . . . . . . . . . . . . 1 . . . . . . . . 1 . . . . 1 . . . Registered Prototypes 2 | . . . . . . . . . . . . . . . . . . . . . . . . . . . . . . . . . 1 1 . . . Zone Layout 10 | . . . 1 . . . . 2 . . . . . . . . . . . 2 . . . . . . . . 2 . . . 1 2 . . . Proto ID Catalog 1 | . . . . . . . . . . . . . . . . . . . . . . . . . . . . . . . . . . . 1 . . Fabricator Hacks 50 | . . . . . . . . . . . 10 . 8 . . . . 4 . 8 . . . . 3 . . . . 2 10 . 4 . . 1 . Network Status 7 | . . . . . . . . . . . 1 . . . . . . 1 . 1 . . . . 1 . . . . . 1 . 1 . . 1 . Load Schematic 26 | . . . . . . . . . . . 7 . 4 . . . . 2 . 4 . . . . 1 . . . . 1 5 . 2 . . . . Build 17 | . . . . . . . . . . . 2 . 4 . . . . 1 . 3 . . . . 1 . . . . 1 4 . 1 . . . . Repair Station Hacks 23 | . . . . . . . . . . . 4 . . . . . . 2 . 2 . . . . 3 2 . . . 2 2 . 4 . . 2 . Scan Component 12 | . . . . . . . . . . . 2 . . . . . . 1 . 1 . . . . 2 1 . . . 1 1 . 2 . . 1 . Repair 11 | . . . . . . . . . . . 2 . . . . . . 1 . 1 . . . . 1 1 . . . 1 1 . 2 . . 1 . Recycling Unit Hacks 16 | . . . . . . . . 1 2 . . . . . . . . 7 . 2 . . . . . 2 . . . . . . 2 . . . . Report Inventory 4 | . . . . . . . . . 1 . . . . . . . . 2 . 1 . . . . . . . . . . . . . . . . . Retrieve Components 12 | . . . . . . . . 1 1 . . . . . . . . 5 . 1 . . . . . 2 . . . . . . 2 . . . . Scanalyzer 40 | . . . 4 . . . 2 . . . 10 . 2 . . . . 4 . 1 . . . . 6 . . . . 1 . . 8 . 2 . . Insert Component 19 | . . . 2 . . . 2 . . . 5 . . . . . . 2 . . . . . . 3 . . . . . . . 3 . 2 . . Analyze 11 | . . . . . . . . . . . 4 . . . . . . . . . . . . . 3 . . . . . . . 4 . . . . Retrieve Study 10 | . . . 2 . . . . . . . 1 . 2 . . . . 2 . 1 . . . . . . . . . 1 . . 1 . . . . Garrison Access Hacks 17 | . . . . . . . . . . . 3 . 2 . . . . 1 . 3 . . . . 2 . . . 2 . . . 1 1 1 1 . Seal Access 17 | . . . . . . . . . . . 3 . 2 . . . . 1 . 3 . . . . 2 . . . 2 . . . 1 1 1 1 . Unauthorized Hacks 132 | . 10 . 3 . . . 1 10 6 . 10 . 7 . . . . 10 . 19 . . . . 8 4 . . 8 . 10 . 8 10 7 1 . Terminals 88 | . 8 . 2 . . . 1 10 6 . 4 . 4 . . . . 3 . 11 . . . . 2 3 . . 8 . 8 . 4 7 6 1 . Track 11 | . . . . . . . . . . . . . . . . . . . . . . . . . . . . . 3 . . . 1 3 4 . . Assimilate 16 | . . . . . . . . 2 . . 1 . 2 . . . . 2 . 2 . . . . . 1 . . 1 . 3 . . 2 . . . Botnet 21 | . 2 . 1 . . . 1 1 1 . 2 . 1 . . . . 1 . 1 . . . . 1 1 . . 1 . 2 . 2 1 1 1 . Disrupt 3 | . . . . . . . . . . . . . . . . . . . . . . . . . . . . . . . 2 . . 1 . . . Operators 11 | . 1 . 1 . . . . 1 . . 1 . 1 . . . . . . 1 . . . . 1 1 . . . . 1 . 1 . 1 . . Skim 23 | . 5 . . . . . . 6 5 . . . . . . . . . . 7 . . . . . . . . . . . . . . . . . Sabotage 3 | . . . . . . . . . . . . . . . . . . . . . . . . . . . . . 3 . . . . . . . . Fabricators 22 | . . . . . . . . . . . 6 . 3 . . . . 4 . 5 . . . . 2 . . . . . 2 . . . . . . Prioritize 4 | . . . . . . . . . . . . . 1 . . . . 1 . 1 . . . . . . . . . . 1 . . . . . . Liberate 5 | . . . . . . . . . . . . . 1 . . . . 1 . 1 . . . . 1 . . . . . 1 . . . . . . Haulers 5 | . . . . . . . . . . . 1 . 1 . . . . 1 . 1 . . . . 1 . . . . . . . . . . . . Recompile 8 | . . . . . . . . . . . 5 . . . . . . 1 . 2 . . . . . . . . . . . . . . . . . Repair Stations 5 | . . . . . . . . . . . . . . . . . . . . 2 . . . . 1 . . . . . . . . 2 . . . Mechanics 2 | . . . . . . . . . . . . . . . . . . . . 2 . . . . . . . . . . . . . . . . . Patch 3 | . . . . . . . . . . . . . . . . . . . . . . . . . 1 . . . . . . . . 2 . . . Recycling Units 15 | . 2 . 1 . . . . . . . . . . . . . . 3 . 1 . . . . 3 1 . . . . . . 4 . . . . Reject 7 | . . . . . . . . . . . . . . . . . . 2 . 1 . . . . 1 1 . . . . . . 2 . . . . Mask 5 | . . . . . . . . . . . . . . . . . . 1 . . . . . . 2 . . . . . . . 2 . . . . Tunnel 3 | . 2 . 1 . . . . . . . . . . . . . . . . . . . . . . . . . . . . . . . . . . Scanalyzers 2 | . . . . . . . . . . . . . . . . . . . . . . . . . . . . . . . . . . 1 1 . . Researchers 2 | . . . . . . . . . . . . . . . . . . . . . . . . . . . . . . . . . . 1 1 . . Garrison Access . | . . . . . . . . . . . . . . . . . . . . . . . . . . . . . . . . . . . . . . Data Cores Recovered 7 | . . . . . . . . 1 . . . . 1 . . . . 1 . . . . . . . 1 . . 1 . 2 . . . . . . Used 1 | . . . . . . . . . . . . . . . . . . . . . . . . . . . . . . . 1 . . . . . . Hacking Detections 145 | . 5 . 3 . . . 9 5 2 . 13 . 6 . 1 . . 11 . 23 . . . . 12 8 . . 6 4 7 . 5 6 6 9 4 Full Trace Events 12 | . . . . . . . 1 . . . 1 . 1 . . . . 1 . 2 . . . . 1 . . . . 1 2 . 1 . . 1 . Feedback Events . | . . . . . . . . . . . . . . . . . . . . . . . . . . . . . . . . . . . . . . Feedback Blocked . | . . . . . . . . . . . . . . . . . . . . . . . . . . . . . . . . . . . . . . Robot Schematics Acquired 55 | . . . . 1 . . . . . . . . . . . 8 . 1 . 44 . . . . . . . . . . . . . . 1 . . Robots Built 6 | . . . . . . . . . . . . . . . . . . . . . . . . . . . . . . . 6 . . . . . . Authchips 2 | . . . . . . . . . . . . . . . . . . . . . . . . . . . . . . . 2 . . . . . . Time 323 | . . . . . . . . . . . . . . . . . . . . . . . . . . . . . . . 323 . . . . . . Total Robot Build Rating 48 | . . . . . . . . . . . . . . . . . . . . . . . . . . . . . . . 48 . . . . . . Part Schematics Acquired 51 | . 1 1 . . . . . . . 1 3 . . . . 8 . 9 3 10 3 1 . 1 2 1 . . . . . . 1 . 6 . . Parts Built 14 | . . . . . . . . . . . 2 . 4 . . . . 1 . 3 . . . . 1 . . . . 1 1 . 1 . . . . Authchips 8 | . . . . . . . . . . . 2 . 3 . . . . 1 . 1 . . . . . . . . . . 1 . . . . . . Time 958 | . . . . . . . . . . . 152 . 152 . . . . 76 . 254 . . . . 152 . . . . 47 51 . 74 . . . . Total Part Build Rating 80 | . . . . . . . . . . . 10 . 20 . . . . 5 . 18 . . . . 5 . . . . 5 8 . 9 . . . . Part Studies Acquired 10 | . . . 2 . . . . . . . 1 . 2 . . . . 2 . 1 . . . . . . . . . 1 . . 1 . . . . Parts Repaired 11 | . . . . . . . . . . . 2 . . . . . . 1 . 1 . . . . 1 1 . . . 1 1 . 2 . . 1 . Time 685 | . . . . . . . . . . . 212 . . . . . . 78 . 38 . . . . 38 56 . . . 31 36 . 142 . . 54 . Parts Recycled . | . . . . . . . . . . . . . . . . . . . . . . . . . . . . . . . . . . . . . . Recycled Matter . | . . . . . . . . . . . . . . . . . . . . . . . . . . . . . . . . . . . . . . Retrieved Matter . | . . . . . . . . . . . . . . . . . . . . . . . . . . . . . . . . . . . . . . Retrieved Components 30 | . . . . . . . . 10 1 . . . . . . . . 14 . . . . . . . . . . . . . . 5 . . . . Parts Scanalyzed 8 | . . . . . . . . . . . 3 . . . . . . 1 . . . . . . 3 . . . . . . . 1 . . . . Part Schematics Acquired 6 | . . . . . . . . . . . 3 . . . . . . . . . . . . . 2 . . . . . . . 1 . . . . Parts Damaged 6 | . . . . . . . . . . . 3 . . . . . . 1 . . . . . . 1 . . . . . . . 1 . . . . Bothacking | -11 -10 -10 -9 -9 -9 -8 -8 -8 -8 -8 -6 -6 -6 -6 -6 -6 -5 -5 -5 -5 -5 -5 -5 -4 -4 -4 -4 -4 -4 -3 -3 -3 -2 -2 -2 -1 -1 ------------ Run | Yrd Mat Min Mat Min Exi Min Mat Sto Rec Scr Fac Was Fac Low Low Dat Pro Fac Was Fac Upp Upp War Pro Fac Ext Cet Arc Hub Res Arm Lab Res Qua Frg Acc Com Used RIF Installer . | . . . . . . . . . . . . . . . . . . . . . . . . . . . . . . . . . . . . . . Robots Hacked 6 | . . . . . . . . . . . . . . . . . . . . . . . . . 3 . . . . . . . . . . . 3 Non-combat . | . . . . . . . . . . . . . . . . . . . . . . . . . . . . . . . . . . . . . . Combat 6 | . . . . . . . . . . . . . . . . . . . . . . . . . 3 . . . . . . . . . . . 3 Robot Hacks Applied 6 | . . . . . . . . . . . . . . . . . . . . . . . . . 3 . . . . . . . . . . . 3 parse_system 6 | . . . . . . . . . . . . . . . . . . . . . . . . . 3 . . . . . . . . . . . 3 Relay Couplers Released 6 | . . . . . . . . . . . . . . . . . . . . . . . . . 3 . . . 3 . . . . . . . . Machine Destruction 6 | . . . . . . . . . . . . . . . . . . . . . . . . . 3 . . . 3 . . . . . . . . Fabnet Peak Effective % . | . . . . . . . . . . . . . . . . . . . . . . . . . . . . . . . . . . . . . . Robots Rewired 23 | . . . . . . . . . 6 . . . . . . . . . . . . . . . . 10 . . . . 7 . . . . . . Allies Hacked 19 | . . . . . . . . . . . . . . . . . . . . 4 . . . . 2 . . . . . 10 . 2 . . 1 . Hacks Repelled 3 | . . . . . . . . . . . . . . . . . . . . . . . . . 1 . . . . . . . 2 . . . . Allies | -11 -10 -10 -9 -9 -9 -8 -8 -8 -8 -8 -6 -6 -6 -6 -6 -6 -5 -5 -5 -5 -5 -5 -5 -4 -4 -4 -4 -4 -4 -3 -3 -3 -2 -2 -2 -1 -1 -------- Run | Yrd Mat Min Mat Min Exi Min Mat Sto Rec Scr Fac Was Fac Low Low Dat Pro Fac Was Fac Upp Upp War Pro Fac Ext Cet Arc Hub Res Arm Lab Res Qua Frg Acc Com Total Allies 273 | . . . . 4 . . . 13 6 5 15 20 7 . . . . 14 . 32 . . . . 23 23 5 . 7 8 16 . 20 6 11 26 12 Largest Group 26 | . . . . 3 . . . 11 8 12 13 26 16 16 11 5 4 13 11 11 8 6 5 5 10 20 13 11 10 10 16 3 14 6 6 7 12 Highest-Rated Group 873 | . . . . 40 . . . 183 135 351 129 762 333 266 177 78 70 161 125 169 91 71 58 58 97 816 873 720 633 99 386 246 359 55 60 67 120 Highest-Rated Ally 159 | . . . . 31 . . . 31 34 50 10 50 50 50 50 44 44 26 26 49 26 26 26 26 26 159 159 96 96 10 82 82 82 45 10 10 10 Total Orders 24 | . . . . . . . . . 2 7 . . . . . . . . 2 . 5 . . . . . . . 4 . 1 2 . . 1 . . STAY 15 | . . . . . . . . . 1 4 . . . . . . . . 1 . 3 . . . . . . . 4 . 1 1 . . . . . FOLLOW 8 | . . . . . . . . . 1 3 . . . . . . . . 1 . 2 . . . . . . . . . . 1 . . . . . RETURN 1 | . . . . . . . . . . . . . . . . . . . . . . . . . . . . . . . . . . . 1 . . Ally Attacks 2869 | . . . . 11 . . . 85 19 76 145 131 54 44 32 . 12 125 81 350 46 14 . 4 245 177 54 21 126 67 184 . 170 44 123 173 256 Total Damage 43473 | . . . . 118 . . . 936 244 1719 1668 1597 1095 1673 352 . 231 1427 523 4547 548 195 . 28 2741 3677 1673 737 3283 810 2902 . 2802 512 1552 2264 3619 Kills 425 | . . . . 4 . . . 11 4 19 27 5 9 11 7 . 4 24 5 66 9 2 . 1 50 32 9 5 22 8 32 . 16 5 7 25 6 Allies Corrupted 11 | . . . . . . . . . . . . . 1 . . . . . . 2 . . . . 3 1 . . . . 2 . . . 1 1 . Allies Melted 7 | . . . . . . . . . . . . . . 1 . . . . . 1 . . . . . . . . . . . . . . . . 5 Intel | -11 -10 -10 -9 -9 -9 -8 -8 -8 -8 -8 -6 -6 -6 -6 -6 -6 -5 -5 -5 -5 -5 -5 -5 -4 -4 -4 -4 -4 -4 -3 -3 -3 -2 -2 -2 -1 -1 ------- Run | Yrd Mat Min Mat Min Exi Min Mat Sto Rec Scr Fac Was Fac Low Low Dat Pro Fac Was Fac Upp Upp War Pro Fac Ext Cet Arc Hub Res Arm Lab Res Qua Frg Acc Com Active Infowar (turns) 27705 | 41 1394 911 1673 1100 320 860 1273 2339 321 . 1393 111 437 347 397 31 150 798 239 2004 529 373 31 140 1745 1033 163 273 1211 793 1144 178 436 392 1688 807 630 Optics 497 | . . . . . . . . . . . . . . . . . . . . . . . . . . . . . . . . . . . . . 497 Sensors 13797 | . . . . . . . . . . . 1393 111 437 347 397 31 150 798 239 2003 387 . . . 1699 1025 163 273 1152 718 961 9 430 381 693 . . Structural 10282 | . 577 . 1310 7 . . 1272 258 . . 90 . 109 89 179 31 62 23 . 1 142 373 31 140 355 966 78 . 1211 534 1140 178 110 332 684 . . Seismic 8873 | 41 1268 911 447 1093 320 860 1273 2339 321 . . . . . . . . . . . . . . . . . . . . . . . . . . . . Triangulation 215 | . . . . . . . . . . . . . . . . . . . . . . . . . . . . . . . . . . . . 137 78 Cloaking 2231 | . . . . . . . . . . . . . . . . . . . . . . . . . 413 . . . . . . . . . 878 807 133 ECM 128 | . . . . . . . . . . . . . . . . . . 1 . . . . . . . . . . . 1 . . . . 36 54 36 ID Mask 351 | . . . . . . . . . . . . . . . . . . . . 351 . . . . . . . . . . . . . . . . . Robot Analysis Total 102 | . 1 . . . . . . . . . . . . . . . . 2 . 98 . . . . . . . . . . 1 . . . . . . Derelict Logs Recovered 10 | . . 3 . 2 . . . . . . . . . 2 1 . 1 . . . . . . 1 . . . . . . . . . . . . . Drone Launches 3 | . . . . . . . . . . . . . . . . . . . . . . . . . . . . . . . . . . . 3 . . Drone Recoveries 3 | . . . . . . . . . . . . . . . . . . . . . . . . . . . . . . . . . . . 3 . . Exploration | -11 -10 -10 -9 -9 -9 -8 -8 -8 -8 -8 -6 -6 -6 -6 -6 -6 -5 -5 -5 -5 -5 -5 -5 -4 -4 -4 -4 -4 -4 -3 -3 -3 -2 -2 -2 -1 -1 ------------- Run | Yrd Mat Min Mat Min Exi Min Mat Sto Rec Scr Fac Was Fac Low Low Dat Pro Fac Was Fac Upp Upp War Pro Fac Ext Cet Arc Hub Res Arm Lab Res Qua Frg Acc Com Turns Passed 34600 | 116 1746 911 2022 1100 320 877 1273 2339 978 2996 1394 111 437 347 397 31 156 877 242 2170 606 382 31 229 1783 1033 262 334 1211 793 1144 178 569 392 3198 807 808 Spaces Moved 49796 | 60 954 546 967 659 199 495 626 1113 535 2578 3548 340 1224 1071 1011 94 492 1975 491 5107 1391 1039 54 763 3860 1217 309 101 1794 1875 2050 270 1665 1229 5248 1476 1370 Core 3 | 2 . . . . . . . . . . . . . . . . . 1 . . . . . . . . . . . . . . . . . . . Treads 5434 | 58 587 546 967 659 199 495 626 1113 184 . . . . . . . . . . . . . . . . . . . . . . . . . . . . Legs . | . . . . . . . . . . . . . . . . . . . . . . . . . . . . . . . . . . . . . . Wheels 2693 | . 367 . . . . . . . 351 1975 . . . . . . . . . . . . . . . . . . . . . . . . . . . Hover 6292 | . . . . . . . . . . . . . . . . . . . . . . . . . 40 . . . . . . . . . 3406 1476 1370 Flight 35374 | . . . . . . . . . . 603 3548 340 1224 1071 1011 94 492 1974 491 5107 1391 1039 54 763 3820 1217 309 101 1794 1875 2050 270 1665 1229 1842 . . Fastest Speed 16 | 50 115 160 160 160 160 160 160 162 135 27 25 25 24 24 24 24 24 24 24 22 22 22 22 22 20 23 26 26 26 21 24 26 22 16 16 33 33 Average Speed 46 | 156 154 160 160 160 160 160 160 164 146 108 25 25 24 24 24 24 24 24 24 24 22 22 22 22 26 28 26 26 26 23 25 26 22 21 30 36 33 Slowest Speed 450 | 160 175 160 160 160 160 160 162 165 245 135 26 25 25 24 24 24 24 450 24 27 22 22 22 22 280 110 26 26 26 25 26 26 22 22 155 100 37 Overloaded Moves 48 | . . . . . . . . . . . . . . . . . . . . . . . . . . 1 . . . . . . . 10 37 . . Propulsion Burnouts . | . . . . . . . . . . . . . . . . . . . . . . . . . . . . . . . . . . . . . . Robots Hopped 83 | . . . . . . . . . . . 7 . 3 . . . . 8 . 14 . . . . 9 3 . . 13 . 2 . 1 16 7 . . Potential Cave-ins 8 | . . . . . . . . . . . . . . . . . . . . . . . . . . . . . . . . . . . 8 . . Cave-ins Triggered 1 | . . . . . . . . . . . . . . . . . . . . . . . . . . . . . . . . . . . 1 . . Teleports 1 | . . . . . . . . . . . . . . . . . . . . . . . . . . . . . . . . . . . 1 . . Exploration Rate (%) 68 | 3 94 98 87 97 60 95 50 88 86 88 59 92 21 97 93 68 77 37 85 73 90 95 9 89 40 87 68 73 73 31 80 91 23 86 66 38 29 Regions Visited 37 Branch Regions 24 Pre-discovered Areas 21 | . 2 1 1 1 . . . 3 2 5 . . . . 2 1 . . . 3 . . . . . . . . . . . . . . . . . Known Exits Taken 26 | . . 1 1 . . 1 1 . 1 1 . . 1 1 1 1 1 . . 1 1 1 1 1 1 1 1 1 1 1 1 1 1 1 . . . Unknown Exits Taken 7 | 1 1 . . 1 1 . . 1 . . . . . . . . . . . . . . . . . . . . . . . . . . 1 1 . Scrap Searched 37 | . . 1 . 1 . 2 . . . 12 . . . 3 4 . 2 . . . 3 5 . 4 . . . . . . . . . . . . . Spaces Dug 541 | . 1 . 10 . . . 7 26 . . 91 1 11 2 9 . 5 24 . 57 3 8 . 4 32 19 . . 22 14 37 . 14 10 40 85 9 Terrain Destroyed 1436 | . 8 . 29 5 . 23 76 51 2 . 110 12 11 13 9 . 35 40 121 124 128 8 . 51 70 19 . . 22 14 37 . 14 10 210 169 15 Melee 414 | . . . 10 . . . 7 18 . . 54 1 11 2 9 . 5 24 . 57 3 8 . 4 32 19 . . 22 14 37 . 14 10 18 29 6 Projectile 42 | . 1 . . . . . . 14 2 . 1 . . . . . . . . . . . . . . . . . . . . . . . 6 9 9 AOE 980 | . 7 . 19 5 . 23 69 19 . . 55 11 . 11 . . 30 16 121 67 125 . . 47 38 . . . . . . . . . 186 131 . Terrain Rammed . | . . . . . . . . . . . . . . . . . . . . . . . . . . . . . . . . . . . . . . Walls Destroyed . | . . . . . . . . . . . . . . . . . . . . . . . . . . . . . . . . . . . . . . Machines Disabled . | . . . . . . . . . . . . . . . . . . . . . . . . . . . . . . . . . . . . . . Actions | -11 -10 -10 -9 -9 -9 -8 -8 -8 -8 -8 -6 -6 -6 -6 -6 -6 -5 -5 -5 -5 -5 -5 -5 -4 -4 -4 -4 -4 -4 -3 -3 -3 -2 -2 -2 -1 -1 --------- Run | Yrd Mat Min Mat Min Exi Min Mat Sto Rec Scr Fac Was Fac Low Low Dat Pro Fac Was Fac Upp Upp War Pro Fac Ext Cet Arc Hub Res Arm Lab Res Qua Frg Acc Com Total 59138 | 75 1152 578 1254 693 202 549 793 1431 690 2784 3916 358 1336 1157 1150 101 512 2243 590 5868 1666 1175 72 812 4492 1849 472 406 2469 2212 2564 374 1828 1326 6662 1679 1648 Wait 6330 | 1 106 30 93 6 . 36 73 122 57 121 206 14 83 83 126 6 . 140 78 594 247 120 19 32 500 547 136 303 630 271 351 84 80 52 850 64 69 Move 49608 | 59 953 545 966 658 198 494 625 1112 534 2577 3535 339 1219 1070 1010 93 491 1961 490 5079 1390 1038 53 762 3842 1210 308 100 1772 1874 2046 269 1662 1196 5233 1475 1370 Hop 69 | . . . . . . . . . . . 6 . 1 . . . . 6 . 13 . . . . 8 3 . . 8 . 1 . 1 16 6 . . Pick Up 274 | 6 17 . 19 5 . 2 14 26 7 16 21 . 4 . . . . 10 . 4 3 1 . 1 9 2 . . . 8 4 7 7 3 60 7 11 Fast Attach 210 | 7 2 . . . . . . 2 2 9 5 . 2 1 3 1 4 14 2 16 . 2 . 4 21 8 8 1 8 10 8 1 4 5 48 6 6 Attach 93 | . . . 6 . . . 4 9 . 7 10 . 4 . . . . 5 . 2 1 . . . 2 . . . . 2 3 1 3 1 22 4 7 Detach 41 | . 1 . 1 . . . . . 1 5 3 . 2 . . . . 4 . 5 . . . 1 4 . . . . 1 . 1 1 . 8 3 . Swap 344 | . 22 . 45 6 2 1 18 29 10 10 22 . 5 . . . . 7 . 6 4 . . . 5 . 1 1 5 8 16 3 6 5 76 18 13 Drop 362 | . 12 . 22 9 2 . 8 21 3 36 21 . 2 1 2 1 4 15 2 13 4 3 . 4 22 9 8 . 9 17 10 5 7 5 66 2 17 Fire 443 | 2 38 3 86 8 . 15 41 82 15 . 7 2 . . . . 5 2 18 13 9 . . 3 10 . . . . . . . . . 41 21 22 Melee 1159 | . . . 13 . . . 10 27 5 3 80 3 14 2 9 . 8 79 . 92 8 11 . 5 69 36 11 1 37 21 81 3 56 43 221 78 133 Ram . | . . . . . . . . . . . . . . . . . . . . . . . . . . . . . . . . . . . . . . Kick . | . . . . . . . . . . . . . . . . . . . . . . . . . . . . . . . . . . . . . . Crush 7 | . 1 . 3 1 . 1 . 1 . . . . . . . . . . . . . . . . . . . . . . . . . . . . . Escape Stasis 76 | . . . . . . . . . . . . . . . . . . . . 30 . . . . . . . . . . 15 . . . 31 . . Rewire 122 | . . . . . . . . . 56 . . . . . . . . . . 1 . . . . . 34 . . . . 29 . 1 . . 1 . Trap . | . . . . . . . . . . . . . . . . . . . . . . . . . . . . . . . . . . . . . . Miscellaneous . | . . . . . . . . . . . . . . . . . . . . . . . . . . . . . . . . . . . . . . Route ------- -11/Scrapyard -10/Materials (discovered 6 exits: *Mat x3 / *Min x2 / *Sub) -10/Mines (discovered 3 exits: *Mat x2 / Sub) -9/Materials (discovered 3 exits: *Mat x2 / *Min) -9/Mines (discovered 4 exits: *Mat x2 / [*Exi] / [*Zio]) -9/Exiles -8/Mines (discovered 2 exits: *Mat x2) -8/Materials (discovered 2 exits: *Fac / *Sto) -8/Storage (discovered 2 exits: *Fac / *Rec) -8/Recycling (discovered 2 exits: Fac / *Scr) -8/Scraptown -6/Factory (discovered 5 exits: *Fac x3 / *Low x2) -6/Waste -6/Factory -6/Lower Caves -6/Lower Caves (discovered 2 exits: *Fac / *Dat) -6/Data Miner -5/Proximity Caves -5/Factory (discovered 3 exits: *Fac x2 / Upp) -5/Waste -5/Factory (discovered 6 exits: *Fac x4 / *Upp x2) -5/Upper Caves -5/Upper Caves (discovered 2 exits: *Fac / *War) -5/Warlord -4/Proximity Caves -4/Factory (discovered 7 exits: *Res x4 / *Upp / *Ext x2) -4/Extension (discovered 3 exits: *Res x2 / *Cet) -4/Cetus (discovered 2 exits: *Res / *Arc) -4/Archives -4/Hub_04(d) (discovered 2 exits: *Res x2) -3/Research (discovered 5 exits: Res x2 / *Arm / *Tes x2) -3/Armory (discovered 3 exits: Res x2 / *Lab) -3/Lab -2/Research (discovered 2 exits: *Qua x2) -2/Quarantine (discovered 2 exits: [*Sec] / *Frg) -2/Protoforge -1/Access -1/Command (discovered 2 exits: Sur x2) By MAIN.C's Side History --------- Turn | Location | Event 42 | -11/Scrapyard | Discovered new exit (range 16) 117 | -11/Scrapyard | Entered Materials 265 | -10/Materials | Discovered new exit (range 16) 314 | -10/Materials | Build established: Mutant 426 | -10/Materials | Discovered new exit (range 6) 598 | -10/Materials | Discovered new exit (range 7) 743 | -10/Materials | Loaded intel: 29 trap records 794 | -10/Materials | Learned location of 1 exit from Storage 802 | -10/Materials | Identified exit to Materials 802 | -10/Materials | Identified exit to Subcaves 803 | -10/Materials | Learned location of 2 exits from Mines 817 | -10/Materials | Discovered new exit (range 9) 831 | -10/Materials | Learned 4 Subcaves zone layouts 1863 | -10/Materials | Entered Mines 1888 | -10/Mines | Met a Derelict bent on vengeance 1942 | -10/Mines | A weapon hastily lodged in a ceiling crevice suddenly fell to the ground 2019 | -10/Mines | Found a hidden stash of uninstalled traps 2774 | -10/Mines | Entered Materials 2774 | -9/Materials | Evolved 2 slots: Propulsion x1, Utility x1 3761 | -9/Materials | Discovered new exit (range 16) 3873 | -9/Materials | Build established: Scavenger-Mutant 4018 | -9/Materials | Discovered new exit (range 12) 4084 | -9/Materials | Identified exit to Materials 4200 | -9/Materials | Identified exit to Mines 4354 | -9/Materials | Build established: Mutant 4796 | -9/Materials | Entered Mines 4883 | -9/Mines | Discovered exit to Materials (range 4) 5011 | -9/Mines | Assisted by bots powering up and referring to "LRC-V3" 5014 | -9/Mines | Learned location of Zion (-7) 5237 | -9/Mines | A Derelict revealed a hidden shortcut to a safe place 5386 | -9/Mines | Met a Derelict shopkeep closing up shop 5627 | -9/Mines | Received a Mining Laser from a helpful Derelict 5724 | -9/Mines | Discovered exit to Materials (range 13) 5732 | -9/Mines | Learned Materials emergency access door positions 5746 | -9/Mines | Deemed a non-threat by the Exiles lab entrance 5746 | -9/Mines | Discovered new exit (range 5) 5896 | -9/Mines | Entered Exiles 5935 | -9/Exiles | Met 8R-AWN 5964 | -9/Exiles | Met EX-HEX 6008 | -9/Exiles | Met EX-BIN 6029 | -9/Exiles | Met EX-DEC 6200 | -9/Exiles | Discovered new exit (range 12) 6216 | -9/Exiles | Entered Mines 6298 | -8/Mines | Discovered exit to Materials (range 10) 6357 | -8/Mines | Discovered exit to Materials (range 5) 7093 | -8/Mines | Entered Materials 7093 | -8/Materials | Evolved 2 slots: Propulsion x1, Utility x1 7094 | -8/Materials | Identified exit to Storage 7332 | -8/Materials | Garrison activated, responded to threat 7397 | -8/Materials | Build established: Scavenger-Mutant 8143 | -8/Materials | Discovered new exit (range 3) 8366 | -8/Materials | Entered Storage 8367 | -8/Storage | Identified exit to Factory 8449 | -8/Storage | Met a pair of Derelict thieves 8600 | -8/Storage | Lost 3 parts (1u2w) 9103 | -8/Storage | Build established: Mutant 9804 | -8/Storage | Discovered new exit (range 7) 9813 | -8/Storage | Used back door to open Recycling access 10032 | -8/Storage | Assisted by bots powering up and referring to "LRC-V3" 10050 | -8/Storage | Learned location of 2 exits from Lower Caves 10125 | -8/Storage | Learned location of Extension (-4) 10321 | -8/Storage | Build established: Commander-Mutant 10323 | -8/Storage | Learned Factory trap positions 10488 | -8/Storage | Learned Factory stockpile data 10705 | -8/Storage | Entered Recycling 10705 | -8/Recycling | Accompanied by 8 allies 10814 | -8/Recycling | Scanned before Scraplab entrance 11041 | -8/Recycling | Lost 7 allies 11042 | -8/Recycling | System corruption reached 10% 11487 | -8/Recycling | Learned location of Storage (-8) 11533 | -8/Recycling | Identified exit to Scraptown 11571 | -8/Recycling | Learned Storage security intel 11598 | -8/Recycling | Learned Storage trap positions 11614 | -8/Recycling | Identified exit to Factory 11617 | -8/Recycling | Entered Scraplab 11682 | -8/Recycling | Learned 8 Factory zone layouts 11683 | -8/Recycling | Entered Scraptown 11683 | -8/Scraptown | Accompanied by 7 allies 11683 | -8/Scraptown | System corruption cleaned by C-Scrubber 11900 | -8/Scraptown | Heard Great Nut preacher, LISTEN AND RECITE! 11900 | -8/Scraptown | Visited TADAMA 11925 | -8/Scraptown | Visited Symbiants 12257 | -8/Scraptown | Discovered exit to Factory (range 13) 12337 | -8/Scraptown | Visited IN-MT5's Study 12345 | -8/Scraptown | Visited Bundlers 12462 | -8/Scraptown | Visited Comm Corps 12524 | -8/Scraptown | Visited Cave Peace 12543 | -8/Scraptown | Visited UFD Registry 12543 | -8/Scraptown | Registered with UFD as "Nanoparser" 12591 | -8/Scraptown | Visited Modified Component R&D 12618 | -8/Scraptown | Visited DA-N13 Charitable Foundation 12624 | -8/Scraptown | Found DCF Scrap (29 items) 12665 | -8/Scraptown | Visited Observation Area 12719 | -8/Scraptown | Visited Scrapoid Research Area 12742 | -8/Scraptown | Visited Cartography Club 12783 | -8/Scraptown | Visited Scrapoid Pod Storage 12822 | -8/Scraptown | Visited Curators Association 12903 | -8/Scraptown | Visited Infowarlord's Domain 12913 | -8/Scraptown | Found Exp. Sensor Array 12940 | -8/Scraptown | Visited A0-MCA Data Center 12948 | -8/Scraptown | Given a B+ rating by A0-MCA 12952 | -8/Scraptown | Found A0-MCA's Component Scanner 12977 | -8/Scraptown | Visited LU-1G1's Boring Crew 13266 | -8/Scraptown | Found Surveybot 17 Chip 13327 | -8/Scraptown | Learned location of Cetus (-4) 13327 | -8/Scraptown | Learned location of Hub_04(d) (-4) 13327 | -8/Scraptown | Learned 16 Factory zone layouts 13327 | -8/Scraptown | Learned 24 Factory zone layouts 13327 | -8/Scraptown | Learned 12 Research zone layouts 13327 | -8/Scraptown | Learned 4 Recycling zone layouts 13327 | -8/Scraptown | Learned 12 Upper Caves zone layouts 13327 | -8/Scraptown | Learned 12 Proximity Caves zone layouts 13327 | -8/Scraptown | Learned 20 Proximity Caves zone layouts 13327 | -8/Scraptown | Learned Research emergency access door positions 13327 | -8/Scraptown | Learned location of 3 exits from Lower Caves 13327 | -8/Scraptown | Learned location of 3 exits from Upper Caves 13365 | -8/Scraptown | Found Deep Structural Scanner 13418 | -8/Scraptown | Found Scrapoid Pod 14056 | -8/Scraptown | Scrapoid Pod released 08S07-D (x5) 14257 | -8/Scraptown | System corruption cleaned by C-Scrubber 14616 | -8/Scraptown | Attacked by Scraptown defenders 14673 | -8/Scraptown | Lost 6 allies 14679 | -8/Scraptown | Entered Factory 14679 | -6/Factory | Accompanied by 1 ally 14679 | -6/Factory | Evolved 4 slots: Propulsion x1, Utility x3 14680 | -6/Factory | Identified exit to Lower Caves 14681 | -6/Factory | Identified exit to Factory 14682 | -6/Factory | Loaded intel: 83 trap records 14710 | -6/Factory | Lost 3 allies 14737 | -6/Factory | Central database locked down 14833 | -6/Factory | Repaired Broken Imp. VTOL Module? 14973 | -6/Factory | Build established: Hacker-Scout 15217 | -6/Factory | Repaired Broken Exp. Sensor Array? 15373 | -6/Factory | Found Prototype Processor 15373 | -6/Factory | Identified Exp. Targeting Computer 15390 | -6/Factory | Fabricated IN-MT5's Pitchfork "Insurrection"? 15485 | -6/Factory | Fabricated IN-MT5's Pitchfork "Insurrection" (x1) 15531 | -6/Factory | Reprogrammed and armed K-01 Serf 15536 | -6/Factory | Reprogrammed and armed K-01 Serf 15547 | -6/Factory | Reprogrammed and armed K-01 Serf 15571 | -6/Factory | Reprogrammed and armed K-01 Serf 15572 | -6/Factory | Reprogrammed and armed K-01 Serf 15573 | -6/Factory | Reprogrammed and armed K-01 Serf 15574 | -6/Factory | Reprogrammed and armed K-01 Serf 15597 | -6/Factory | Reprogrammed and armed K-01 Serf 15607 | -6/Factory | Reprogrammed and armed K-01 Serf 15608 | -6/Factory | Reprogrammed and armed K-01 Serf 15609 | -6/Factory | Reprogrammed and armed K-01 Serf 15610 | -6/Factory | Reprogrammed and armed K-01 Serf 15623 | -6/Factory | Reprogrammed and armed K-01 Serf 15698 | -6/Factory | Reprogrammed and armed K-01 Serf 15729 | -6/Factory | First assault squad dispatched 15743 | -6/Factory | Garrison activated, responded to threat 15830 | -6/Factory | Watched by a mysterious "MATRIX" hacker. 16073 | -6/Factory | Manually triggered Chute Trap 16073 | -6/Factory | Sucked down chute 16073 | -6/Factory | Entered Waste 16074 | -6/Waste | Met a frightened Derelict 16075 | -6/Waste | Spotted C-40 Crusher 16077 | -6/Waste | Spotted C-40 Crusher 16088 | -6/Waste | EMP discharged 16091 | -6/Waste | Destroyed C-40 Crusher 16096 | -6/Waste | Allies destroyed C-40 Crusher 16100 | -6/Waste | Spotted C-40 Crusher 16108 | -6/Waste | Spotted C-40 Crusher 16110 | -6/Waste | Spotted C-40 Crusher 16121 | -6/Waste | Met Warlord forces unprepared to attack 16137 | -6/Waste | Spotted C-40 Crusher 16167 | -6/Waste | Discovered new exit (range 12) 16170 | -6/Waste | Identified exit to Factory 16184 | -6/Waste | Entered Factory 16184 | -6/Factory | Accompanied by 12 allies 16244 | -6/Factory | Discovered exit to Lower Caves (range 12) 16297 | -6/Factory | Fabricated IN-MT5's Pitchfork "Insurrection"? 16379 | -6/Factory | 11 allies followed down the chute 16393 | -6/Factory | Fabricated IN-MT5's Pitchfork "Insurrection"? 16451 | -6/Factory | Fabricated IN-MT5's Pitchfork "Insurrection"? 16471 | -6/Factory | Reprogrammed and armed K-01 Serf 16488 | -6/Factory | Reprogrammed and armed K-01 Serf 16490 | -6/Factory | Reprogrammed and armed K-01 Serf 16490 | -6/Factory | Reprogrammed and armed K-01 Serf 16490 | -6/Factory | Reprogrammed and armed K-01 Serf 16492 | -6/Factory | Reprogrammed and armed K-01 Serf 16578 | -6/Factory | Fabricated IN-MT5's Pitchfork "Insurrection" (x1) 16621 | -6/Factory | Entered Lower Caves 16621 | -6/Lower Caves | Accompanied by 16 allies 16622 | -6/Lower Caves | Identified exit to Lower Caves 16792 | -6/Lower Caves | Learned 8 Factory zone layouts 16968 | -6/Lower Caves | Entered another Lower Caves area 16968 | -6/Lower Caves | Accompanied by 11 allies 16969 | -6/Lower Caves | Identified exit to Data Miner 17192 | -6/Lower Caves | Encountered a Warlord checkpoint 17314 | -6/Lower Caves | Learned location of Armory (-3) 17314 | -6/Lower Caves | Learned 8 Research zone layouts 17314 | -6/Lower Caves | Learned Research stockpile data 17314 | -6/Lower Caves | Learned Extension security intel 17365 | -6/Lower Caves | Entered Data Miner 17365 | -6/Data Miner | Accompanied by 5 allies 17366 | -6/Data Miner | Discovered new exit (range 6) 17371 | -6/Data Miner | Met Data Miner 17375 | -6/Data Miner | Learned location of Section 7 (-2) 17375 | -6/Data Miner | Acquired the access code to Warlord's prototype stash 17379 | -6/Data Miner | Received God Mode back door access code from Data Miner 17385 | -6/Data Miner | Identified exit to Proximity Caves 17393 | -6/Data Miner | Lost 3 allies 17396 | -6/Data Miner | Entered Proximity Caves 17396 | -5/Proximity Caves | Accompanied by 5 allies 17399 | -5/Proximity Caves | Learned location of 1 exit from Factory 17439 | -5/Proximity Caves | Lost 4 allies 17497 | -5/Proximity Caves | Spotter reported a threat 17552 | -5/Proximity Caves | Entered Factory 17552 | -5/Factory | Evolved 2 slots: Utility x2 17553 | -5/Factory | Identified exit to Upper Caves 17554 | -5/Factory | Identified exit to Factory 17667 | -5/Factory | Found Prototype Launcher 17667 | -5/Factory | Identified Mni. Smartbomb Launcher 17670 | -5/Factory | Found Mni. Smartbomb Launcher 17709 | -5/Factory | Reprogrammed and armed K-01 Serf 17710 | -5/Factory | Reprogrammed and armed K-01 Serf 17725 | -5/Factory | Reprogrammed and armed K-01 Serf 17760 | -5/Factory | Tech Extrapolator generated special schematic: Deep Structural Scanner 17780 | -5/Factory | Reprogrammed and armed K-01 Serf 17780 | -5/Factory | Reprogrammed and armed K-01 Serf 17782 | -5/Factory | Reprogrammed and armed K-01 Serf 17782 | -5/Factory | Reprogrammed and armed K-01 Serf 17788 | -5/Factory | Reprogrammed and armed K-01 Serf 17788 | -5/Factory | Reprogrammed and armed K-01 Serf 17789 | -5/Factory | Reprogrammed and armed K-01 Serf 17932 | -5/Factory | Reprogrammed and armed K-01 Serf 17933 | -5/Factory | Reprogrammed and armed K-01 Serf 17957 | -5/Factory | Build established: Hacker-Sprinter 18025 | -5/Factory | Discovered exit to Factory (range 4) 18044 | -5/Factory | Repaired Broken Mapping Drone Bay? 18248 | -5/Factory | Fabricated IN-MT5's Pitchfork "Insurrection"? 18342 | -5/Factory | Tech Extrapolator generated special schematic: Machine Rigger 18429 | -5/Factory | Manually triggered Chute Trap 18429 | -5/Factory | Sucked down chute 18429 | -5/Factory | Entered Waste 18447 | -5/Waste | Spotted C-40 Crusher 18465 | -5/Waste | Spotted C-40 Crusher 18489 | -5/Waste | Allies destroyed C-40 Crusher 18491 | -5/Waste | Spotted C-40 Crusher 18492 | -5/Waste | Spotted C-40 Crusher 18500 | -5/Waste | Allies destroyed C-40 Crusher 18505 | -5/Waste | Allies destroyed C-40 Crusher 18509 | -5/Waste | 1 allies followed down the chute 18512 | -5/Waste | Allies destroyed C-40 Crusher 18529 | -5/Waste | Found Prototype Device 18529 | -5/Waste | Identified Exp. Actuator Array 18539 | -5/Waste | Spotted C-40 Crusher 18572 | -5/Waste | Spotted C-40 Crusher 18573 | -5/Waste | Destroyed C-40 Crusher 18587 | -5/Waste | Allies destroyed C-40 Crusher 18599 | -5/Waste | 21 allies followed down the chute 18616 | -5/Waste | Discovered new exit (range 15) 18639 | -5/Waste | Identified exit to Factory 18671 | -5/Waste | Entered Factory 18671 | -5/Factory | Accompanied by 11 allies 18770 | -5/Factory | Targeted by mysterious "MATRIX" hacker. 18859 | -5/Factory | Spotted B-75 Beast 18948 | -5/Factory | Reprogrammed and armed K-01 Serf 18952 | -5/Factory | Reprogrammed and armed K-01 Serf 18956 | -5/Factory | Reprogrammed and armed K-01 Serf 18995 | -5/Factory | Reprogrammed and armed K-01 Serf 19052 | -5/Factory | Reprogrammed and armed K-01 Serf 19077 | -5/Factory | Garrison activated, responded to threat 19262 | -5/Factory | Discovered exit to Upper Caves (range 6) 19271 | -5/Factory | Discovered exit to Factory (range 15) 19302 | -5/Factory | Reprogrammed and armed K-01 Serf 19309 | -5/Factory | Reprogrammed and armed K-01 Serf 19311 | -5/Factory | Reprogrammed and armed K-01 Serf 19434 | -5/Factory | Discovered exit to Factory (range 8) 19443 | -5/Factory | Unchained authorized (CL-0N3) 19497 | -5/Factory | Reprogrammed and armed K-01 Serf 19566 | -5/Factory | Reprogrammed and armed K-01 Serf 19571 | -5/Factory | First assault squad dispatched 19571 | -5/Factory | K-01 Serf reconstituted as Cetus Guard 19571 | -5/Factory | Spotted Cetus Guard 19589 | -5/Factory | Reprogrammed and armed K-01 Serf 19609 | -5/Factory | Reprogrammed and armed K-01 Serf 19616 | -5/Factory | Reprogrammed and armed K-01 Serf 19618 | -5/Factory | Reprogrammed and armed K-01 Serf 19619 | -5/Factory | Reprogrammed and armed K-01 Serf 19635 | -5/Factory | Reprogrammed and armed K-01 Serf 19654 | -5/Factory | Allies destroyed Cetus Guard 19654 | -5/Factory | Cetus Guard reconstituted as CL-0N3 19666 | -5/Factory | Allies destroyed CL-0N3 19667 | -5/Factory | Extracted schematics, analyses from CL-0N3's data core 19668 | -5/Factory | Found Unknown Processor 19668 | -5/Factory | Identified ID Mask 19668 | -5/Factory | ID Mask engaged 19759 | -5/Factory | Learned 2 Proximity Caves zone layouts 19859 | -5/Factory | Learned Extension trap positions 19895 | -5/Factory | Learned Extension emergency access door positions 19920 | -5/Factory | Loaded intel: 92 trap records 19934 | -5/Factory | Learned location of Warlord (-5) 19940 | -5/Factory | Learned location of 1 exit from Upper Caves 19954 | -5/Factory | Learned Armory security intel 20008 | -5/Factory | Learned location of Archives (-4) 20019 | -5/Factory | ID Mask no longer valid 20147 | -5/Factory | Fabricated IN-MT5's Pitchfork "Insurrection"? 20200 | -5/Factory | Reprogrammed and armed K-01 Serf 20250 | -5/Factory | Reprogrammed and armed K-01 Serf 20283 | -5/Factory | Reprogrammed and armed K-01 Serf 20285 | -5/Factory | Reprogrammed and armed K-01 Serf 20286 | -5/Factory | Reprogrammed and armed K-01 Serf 20342 | -5/Factory | Repaired Imp. Light Armor Plating? 20377 | -5/Factory | Garrison activated, responded to threat 20511 | -5/Factory | Reprogrammed and armed K-01 Serf 20536 | -5/Factory | Fabricated IN-MT5's Pitchfork "Insurrection"? 20548 | -5/Factory | Reprogrammed and armed K-01 Serf 20559 | -5/Factory | Reprogrammed and armed K-01 Serf 20578 | -5/Factory | Reprogrammed and armed K-01 Serf 20604 | -5/Factory | Reprogrammed and armed K-01 Serf 20617 | -5/Factory | Reprogrammed and armed K-01 Serf 20694 | -5/Factory | Reprogrammed and armed K-01 Serf 20717 | -5/Factory | Fabricated Exp. Sensor Array (x1) 20770 | -5/Factory | Tech Extrapolator generated special schematic: Energy Deflector 20841 | -5/Factory | Entered Upper Caves 20841 | -5/Upper Caves | Accompanied by 8 allies 20842 | -5/Upper Caves | Identified exit to Upper Caves 20959 | -5/Upper Caves | Learned Armory emergency access door positions 20959 | -5/Upper Caves | Learned Factory stockpile data 20959 | -5/Upper Caves | Learned Extension garrison access intel 21447 | -5/Upper Caves | Entered another Upper Caves area 21447 | -5/Upper Caves | Accompanied by 6 allies 21448 | -5/Upper Caves | Identified exit to Warlord 21560 | -5/Upper Caves | Encountered a Warlord checkpoint 21597 | -5/Upper Caves | Attracted the attention of an 0b10 checkpoint 21829 | -5/Upper Caves | Entered Warlord 21829 | -5/Warlord | Accompanied by 5 allies 21836 | -5/Warlord | Discovered new exit (range 9) 21841 | -5/Warlord | Identified exit to Proximity Caves 21860 | -5/Warlord | Entered Proximity Caves 21860 | -4/Proximity Caves | Accompanied by 5 allies 21951 | -4/Proximity Caves | Learned Research terminal intel 22089 | -4/Proximity Caves | Entered Factory 22089 | -4/Factory | Accompanied by 2 allies 22089 | -4/Factory | Evolved 2 slots: Power x1, Propulsion x1 22090 | -4/Factory | Identified exit to Research 22090 | -4/Factory | Identified exit to Extension 22107 | -4/Factory | Lost 3 allies 22134 | -4/Factory | Reprogrammed and armed K-01 Serf 22153 | -4/Factory | Reprogrammed and armed K-01 Serf 22278 | -4/Factory | Reprogrammed and armed K-01 Serf 22282 | -4/Factory | Reprogrammed and armed K-01 Serf 22303 | -4/Factory | Found Exp. System Shield 22323 | -4/Factory | Reprogrammed and armed K-01 Serf 22323 | -4/Factory | Reprogrammed and armed K-01 Serf 22343 | -4/Factory | Identified exit to Upper Caves 22432 | -4/Factory | Reprogrammed and armed K-01 Serf 22480 | -4/Factory | Reprogrammed and armed K-01 Serf 22505 | -4/Factory | Lost 4 allies 22568 | -4/Factory | Reprogrammed and armed K-01 Serf 22579 | -4/Factory | Reprogrammed and armed K-01 Serf 22592 | -4/Factory | Build established: Hacker-Scout 22646 | -4/Factory | Reprogrammed and armed K-01 Serf 22674 | -4/Factory | Reprogrammed and armed K-01 Serf 22675 | -4/Factory | Reprogrammed and armed K-01 Serf 22689 | -4/Factory | Reprogrammed and armed K-01 Serf 22836 | -4/Factory | Reprogrammed and armed K-01 Serf 22838 | -4/Factory | Reprogrammed and armed K-01 Serf 22857 | -4/Factory | Reprogrammed and armed K-01 Serf 22864 | -4/Factory | Reprogrammed and armed K-01 Serf 22867 | -4/Factory | Reprogrammed and armed K-01 Serf 22911 | -4/Factory | P-70 Sage assimilated allied K-01 Serf 22918 | -4/Factory | Reprogrammed and armed K-01 Serf 22924 | -4/Factory | Reprogrammed and armed K-01 Serf 22933 | -4/Factory | Reprogrammed and armed K-01 Serf 22974 | -4/Factory | Reprogrammed and armed K-01 Serf 23150 | -4/Factory | Build established: Hacker-Sprinter 23150 | -4/Factory | Reprogrammed and armed K-01 Serf 23339 | -4/Factory | First assault squad dispatched 23361 | -4/Factory | Incoming assault squad redirected 23566 | -4/Factory | Fabricated IN-MT5's Pitchfork "Insurrection"? 23682 | -4/Factory | Reprogrammed and armed K-01 Serf 23735 | -4/Factory | Reprogrammed and armed K-01 Serf 23740 | -4/Factory | Build established: Hacker-Scout 23822 | -4/Factory | Repaired Imp. Light Armor Plating 23872 | -4/Factory | Entered Extension 23872 | -4/Extension | Accompanied by 8 allies 23873 | -4/Extension | Loaded intel: 12 trap records 23914 | -4/Extension | Rescued a captive Derelict 23915 | -4/Extension | Rescued a captive Derelict 23974 | -4/Extension | Rescued a captive Derelict 24134 | -4/Extension | Rescued A7 24166 | -4/Extension | Rescued a captive Derelict 24173 | -4/Extension | Rescued a captive Derelict 24174 | -4/Extension | Rescued a captive Derelict 24550 | -4/Extension | Spotted B-86 Titan 24564 | -4/Extension | Allies destroyed B-86 Titan 24571 | -4/Extension | Spotted B-86 Titan 24585 | -4/Extension | Discovered exit to Research (range 18) 24593 | -4/Extension | Allies destroyed B-86 Titan 24621 | -4/Extension | Lost 8 allies 24622 | -4/Extension | First assault squad dispatched 24642 | -4/Extension | Incoming assault squad redirected 24689 | -4/Extension | Repaired Nuclear Pulse Array+ 24712 | -4/Extension | Rescued a captive Derelict 24713 | -4/Extension | Rescued a captive Derelict 24743 | -4/Extension | Rescued a captive Derelict 24752 | -4/Extension | Energy Cycler disabled 24755 | -4/Extension | Rescued a captive Derelict 24758 | -4/Extension | Rescued a captive Derelict 24758 | -4/Extension | Rescued a captive Derelict 24758 | -4/Extension | Rescued a captive Derelict 24860 | -4/Extension | Discovered exit to Research (range 10) 24861 | -4/Extension | Discovered new exit (range 6) 24862 | -4/Extension | Identified exit to Cetus 24905 | -4/Extension | Entered Cetus 24905 | -4/Cetus | Accompanied by 13 allies (A7) 24910 | -4/Cetus | Acquired a Cetus Manufacturing Module code from A7 24935 | -4/Cetus | Spotted Cetus Guard 24936 | -4/Cetus | Spotted Cetus Guard 24952 | -4/Cetus | Allies destroyed Cetus Guard 24957 | -4/Cetus | Allies destroyed Cetus Guard 24985 | -4/Cetus | Lost 3 allies 24989 | -4/Cetus | Started Cetus Manufacturing Module 24996 | -4/Cetus | Discovered new exit (range 15) 25014 | -4/Cetus | Manufactured an Enhanced Grunt 25039 | -4/Cetus | Manufactured an Enhanced Grunt 25047 | -4/Cetus | Spotted Cetus Guard 25064 | -4/Cetus | Manufactured an Enhanced Grunt 25070 | -4/Cetus | Spotted Cetus Guard 25070 | -4/Cetus | Found Prototype Device 25070 | -4/Cetus | Identified Exp. Thermal Shield 25072 | -4/Cetus | Spotted Cetus Guard 25089 | -4/Cetus | Manufactured an Enhanced Grunt 25103 | -4/Cetus | Lost 3 allies 25106 | -4/Cetus | Discovered exit to Research (range 15) 25108 | -4/Cetus | Met Revision 17 25114 | -4/Cetus | Manufactured an Enhanced Grunt 25143 | -4/Cetus | Murdered A7 25146 | -4/Cetus | Extracted ID and sensor layout for unrecognized location from A7's data core 25151 | -4/Cetus | Identified exit to Archives 25167 | -4/Cetus | Entered Archives 25167 | -4/Archives | Accompanied by 11 allies 25225 | -4/Archives | Discovered new exit (range 15) 25243 | -4/Archives | Identified exit to Hub_04(d) 25501 | -4/Archives | Entered Hub_04(d) 25501 | -4/Hub_04(d) | Accompanied by 9 allies 25563 | -4/Hub_04(d) | Garrison activated, responded to threat 25574 | -4/Hub_04(d) | Reprogrammed and armed K-01 Serf 25643 | -4/Hub_04(d) | Reprogrammed and armed K-01 Serf 25644 | -4/Hub_04(d) | Discovered exit to Research (range 13) 25645 | -4/Hub_04(d) | Reprogrammed and armed K-01 Serf 25647 | -4/Hub_04(d) | Lost 4 allies 25651 | -4/Hub_04(d) | Reprogrammed and armed K-01 Serf 25686 | -4/Hub_04(d) | Discovered exit to Research (range 18) 26124 | -4/Hub_04(d) | Lost 5 allies 26501 | -4/Hub_04(d) | First assault squad dispatched 26558 | -4/Hub_04(d) | Network Hub disabled 26664 | -4/Hub_04(d) | Network Hub disabled 26692 | -4/Hub_04(d) | Spotted Lightning 26697 | -4/Hub_04(d) | Reprogrammed and armed K-01 Serf 26703 | -4/Hub_04(d) | Reprogrammed and armed K-01 Serf 26712 | -4/Hub_04(d) | Entered Research 26712 | -3/Research | Accompanied by 2 allies 26712 | -3/Research | Evolved 2 slots: Propulsion x1, Utility x1 26713 | -3/Research | Identified exit to Testing 26714 | -3/Research | Identified exit to Research 26717 | -3/Research | Loaded intel: 19 terminal locations 26750 | -3/Research | Reprogrammed and armed K-01 Serf 26793 | -3/Research | Discovered exit to Research (range 15) 26796 | -3/Research | Discovered new exit (range 9) 26801 | -3/Research | Identified exit to Armory 26912 | -3/Research | Revision forces began assault on 0b10 26940 | -3/Research | Found Prototype Launcher 26941 | -3/Research | Identified Tactical Quantum Warhead 26942 | -3/Research | Found Fusion Bomb Launcher 26996 | -3/Research | Reprogrammed and armed K-01 Serf 27002 | -3/Research | Reprogrammed and armed K-01 Serf 27013 | -3/Research | Met up with Revision 17++ 27118 | -3/Research | Repaired Lrn. Sensor Array? 27157 | -3/Research | Found Prototype Device 27157 | -3/Research | Identified Exp. ECM Suite 27178 | -3/Research | Reprogrammed and armed K-01 Serf 27180 | -3/Research | Spotted B-86 Titan 27188 | -3/Research | Reprogrammed and armed K-01 Serf 27266 | -3/Research | Spotted B-86 Titan 27280 | -3/Research | Reprogrammed and armed K-01 Serf 27286 | -3/Research | Reprogrammed and armed K-01 Serf 27287 | -3/Research | Reprogrammed and armed K-01 Serf 27315 | -3/Research | Fabricated Tactical Coordination Suite? 27412 | -3/Research | Research terminal network offline 27505 | -3/Research | Entered Armory 27505 | -3/Armory | Accompanied by 10 allies 27767 | -3/Armory | P-80 Master assimilated allied K-01 Serf 27907 | -3/Armory | P-80 Master assimilated allied K-01 Serf 27916 | -3/Armory | P-80 Master assimilated allied K-01 Serf 27919 | -3/Armory | Lost 3 allies 27923 | -3/Armory | P-80 Master assimilated allied Swordsman 8c 27938 | -3/Armory | P-80 Master assimilated allied K-01 Serf 27957 | -3/Armory | Allied Derelicts emerged from ambush trap array 27984 | -3/Armory | Lost 4 allies 28026 | -3/Armory | Lost 3 allies 28163 | -3/Armory | Fabricated P-80 Master? 28198 | -3/Armory | Master 8b assimilated hostile S-43 Plague 28255 | -3/Armory | First assault squad dispatched 28263 | -3/Armory | Repaired Centrium Medium Armor Plating 28306 | -3/Armory | Spotted B-86 Titan 28454 | -3/Armory | Discovered new exit (range 14) 28535 | -3/Armory | Fabricated P-80 Master (x2) 28586 | -3/Armory | Fabricated Exp. Sensor Array? 28631 | -3/Armory | Fabricated P-80 Master? 28648 | -3/Armory | Identified exit to Lab 28649 | -3/Armory | Entered Lab 28649 | -3/Lab | Accompanied by 3 allies 28649 | -3/Lab | Discovered exit to Research (range 10) 28659 | -3/Lab | Hidden lab's door opened automatically 28659 | -3/Lab | Sensor layout match revealed 28660 | -3/Lab | Gained access to the hidden lab's interior 28756 | -3/Lab | Found Alien Artifact 28771 | -3/Lab | Found Alien Artifact 28777 | -3/Lab | Found Alien Artifact 28777 | -3/Lab | Identified Integrated Reactor 28777 | -3/Lab | Installed Integrated Reactor, increased core energy generation (+10) 28795 | -3/Lab | Found Deep Network Scanner 28827 | -3/Lab | Entered Research 28827 | -2/Research | Accompanied by 3 allies 28827 | -2/Research | Evolved 2 slots: Propulsion x1, Utility x1 28837 | -2/Research | Reprogrammed and armed K-01 Serf 28840 | -2/Research | Identified Core Expander 28840 | -2/Research | Identified Transdimensional Reconstructor 28840 | -2/Research | Installed Core Expander, added new Power slot 28872 | -2/Research | Repaired Mic. Antimatter Reactor+ 28881 | -2/Research | Reprogrammed and armed K-01 Serf 28890 | -2/Research | Unchained authorized (6S-H0T) 28899 | -2/Research | Identified exit to Quarantine 28900 | -2/Research | Master 8f assimilated hostile Y-72 Warden 28927 | -2/Research | Found Femtoactuators 28930 | -2/Research | Found Femtoactuators 28940 | -2/Research | Reprogrammed and armed K-01 Serf 28941 | -2/Research | Reprogrammed and armed K-01 Serf 28942 | -2/Research | Reprogrammed and armed K-01 Serf 28960 | -2/Research | Found Femtoactuators 28988 | -2/Research | Reprogrammed and armed K-01 Serf 28995 | -2/Research | Reprogrammed and armed K-01 Serf 28996 | -2/Research | Reprogrammed and armed K-01 Serf 29004 | -2/Research | Lost 3 allies 29118 | -2/Research | Reprogrammed and armed K-01 Serf 29118 | -2/Research | Reprogrammed and armed K-01 Serf 29120 | -2/Research | Reprogrammed and armed K-01 Serf 29132 | -2/Research | Found Exp. Shield Generator 29153 | -2/Research | Fabricated Femtoactuators? 29194 | -2/Research | Reprogrammed and armed K-01 Serf 29198 | -2/Research | Reprogrammed and armed K-01 Serf 29201 | -2/Research | Repaired Exp. Sensor Array? 29254 | -2/Research | Found Exp. Core Analyzer 29257 | -2/Research | Reprogrammed and armed K-01 Serf 29258 | -2/Research | Reprogrammed and armed K-01 Serf 29263 | -2/Research | Reprogrammed and armed K-01 Serf 29265 | -2/Research | Reprogrammed and armed K-01 Serf 29281 | -2/Research | Reprogrammed and armed K-01 Serf 29327 | -2/Research | First assault squad dispatched 29337 | -2/Research | Reprogrammed and armed K-01 Serf 29396 | -2/Research | Entered Quarantine 29396 | -2/Quarantine | Accompanied by 4 allies 29417 | -2/Quarantine | Reprogrammed and armed K-01 Serf 29423 | -2/Quarantine | Found Alien Artifact 29440 | -2/Quarantine | Unchained authorized (6S-H0T) 29514 | -2/Quarantine | Reprogrammed and armed K-01 Serf 29556 | -2/Quarantine | Lost 5 allies 29604 | -2/Quarantine | Found Alien Artifact 29633 | -2/Quarantine | Reprogrammed and armed K-01 Serf 29652 | -2/Quarantine | Reprogrammed and armed K-01 Serf 29691 | -2/Quarantine | Lost 3 allies 29701 | -2/Quarantine | Found Alien Slashing Weapon 29701 | -2/Quarantine | Identified Sigix Broadsword 29726 | -2/Quarantine | Cryocooling Duct disabled 29741 | -2/Quarantine | Ambient heat levels rising (+20) 29741 | -2/Quarantine | Non-combat units ordered to evacuate 29742 | -2/Quarantine | Spotted Fortress 29755 | -2/Quarantine | Discovered new exit (range 6) 29755 | -2/Quarantine | Discovered new exit (range 7) 29756 | -2/Quarantine | Identified exit to Protoforge 29788 | -2/Quarantine | Entered Protoforge 29794 | -2/Protoforge | Identified Subatomic Replicator 29794 | -2/Protoforge | Identified Terrabomb 30024 | -2/Protoforge | Superfortress began startup sequence 30029 | -2/Protoforge | Found Cep. Chromion Battery 30066 | -2/Protoforge | Found Cep. Zero-point Core 30068 | -2/Protoforge | Found Cep. Zero-point Core 30079 | -2/Protoforge | Spotted Decapitator 30088 | -2/Protoforge | Spotted V893-c 30088 | -2/Protoforge | Warped through subspace 30102 | -2/Protoforge | Found Cep. Fieldthrust Drive 30113 | -2/Protoforge | Spotted Decapitator 30113 | -2/Protoforge | Spotted Decapitator 30113 | -2/Protoforge | Spotted Decapitator 30113 | -2/Protoforge | Spotted Decapitator 30121 | -2/Protoforge | Spotted Immortal 30121 | -2/Protoforge | Spotted Immortal 30122 | -2/Protoforge | Spotted V961-v 30122 | -2/Protoforge | Spotted V199-v 30124 | -2/Protoforge | Spotted V082-g 30127 | -2/Protoforge | Found Cep. Rapid Grenade Launcher 30192 | -2/Protoforge | Spotted Decapitator 30192 | -2/Protoforge | Spotted Decapitator 30199 | -2/Protoforge | Found Cep. Networked Targeting System 30200 | -2/Protoforge | Found Femtoactuators 30205 | -2/Protoforge | Destroyed 9 combat bots 30219 | -2/Protoforge | Found Crosscalibrator 30239 | -2/Protoforge | Destroyed V082-g 30258 | -2/Protoforge | Found Faulty Cep. Melee Reflex Suite 30260 | -2/Protoforge | Found Faulty Cep. Melee Reflex Suite 30324 | -2/Protoforge | Found Cep. Weapon Articulator 30358 | -2/Protoforge | Spotted Decapitator 30358 | -2/Protoforge | Spotted V346-n 30358 | -2/Protoforge | Spotted V631-m 30358 | -2/Protoforge | Spotted Decapitator 30362 | -2/Protoforge | Found Cep. Phase Shift Module 30366 | -2/Protoforge | Found Exp. EM Disruption Field 30372 | -2/Protoforge | Found Faulty Cep. RG22 Armor 30375 | -2/Protoforge | Found Faulty Cep. RG22 Armor 30482 | -2/Protoforge | Found Cep. Core Shell 30488 | -2/Protoforge | Found Cep. Core Shell 30547 | -2/Protoforge | Found Cep. XC Strikerail 30549 | -2/Protoforge | Found Faulty Cep. XC Strikerail 30555 | -2/Protoforge | Lost 5 parts (3u2w) 30555 | -2/Protoforge | Found Exp. Terror Saw 30671 | -2/Protoforge | Found Faulty Exp. Jetlance 30674 | -2/Protoforge | Found Cep. Plasma Driver 30683 | -2/Protoforge | Lost 4 parts (1n3u) 30717 | -2/Protoforge | Found Cep. Deflector Sword 30745 | -2/Protoforge | Found Exp. Jetlance 30858 | -2/Protoforge | Found Cep. Combat Aerolev Unit 30869 | -2/Protoforge | Found Cep. Combat Aerolev Unit 30873 | -2/Protoforge | Found Cep. Gyrokinetic System 30876 | -2/Protoforge | Found Faulty Cep. Gyrokinetic System 31197 | -2/Protoforge | Reprogrammed and armed K-01 Serf 31303 | -2/Protoforge | Forge Plexus network access discovered 31315 | -2/Protoforge | System corruption reached 10% 31377 | -2/Protoforge | Found Faulty Exp. Force Booster 31380 | -2/Protoforge | Found Femtoactuators 31383 | -2/Protoforge | Found Faulty Exp. Force Booster 31424 | -2/Protoforge | Destroyed Decapitator 31445 | -2/Protoforge | Found Cep. Antigrav Storage Unit 31450 | -2/Protoforge | Found Cep. NT7 Matterbank 31466 | -2/Protoforge | Found Cep. Chromion Battery 31467 | -2/Protoforge | Found Faulty Cep. Matter Streamer 31481 | -2/Protoforge | Spotted V677-d 31501 | -2/Protoforge | Destroyed V677-d 31506 | -2/Protoforge | Found Prototype Device 31506 | -2/Protoforge | Identified Exp. Thermal Defense Suite 31508 | -2/Protoforge | Found Cep. RG22 Armor 31511 | -2/Protoforge | Found Faulty Cep. Matter Streamer 31537 | -2/Protoforge | Found Femtoactuators 31538 | -2/Protoforge | First assault squad dispatched 31618 | -2/Protoforge | Found Faulty Cep. Rapid Grenade Launcher 31620 | -2/Protoforge | Found Cep. Arcsight Missile Launcher 31643 | -2/Protoforge | Used Subatomic Replicator to replicate Faulty Cep. Rapid Grenade Launcher 31655 | -2/Protoforge | Found Exp. Jetlance 31681 | -2/Protoforge | Additional patrols dispatched to research labs 31700 | -2/Protoforge | Found Transdimensional Reconstructor 31724 | -2/Protoforge | Spotted AP7-3 31724 | -2/Protoforge | Spotted AP7-3 31764 | -2/Protoforge | Destroyed AP7-3 31767 | -2/Protoforge | Destroyed AP7-3 31771 | -2/Protoforge | Found Prototype Processor 31771 | -2/Protoforge | Identified Exp. Target Analyzer 31834 | -2/Protoforge | Found Prototype Device 31836 | -2/Protoforge | Found Prototype Device 31837 | -2/Protoforge | Identified Cep. Cloak Mesh (x2) 31842 | -2/Protoforge | Found Cep. Cloak Mesh 31844 | -2/Protoforge | Found Cep. Thermoelectric Network 31992 | -2/Protoforge | Destroyed V893-c 31994 | -2/Protoforge | Found Exp. Core Analyzer 31996 | -2/Protoforge | Spotted V854-f 32026 | -2/Protoforge | Destroyed V854-f 32028 | -2/Protoforge | Found Cep. Combat Aerolev Unit 32036 | -2/Protoforge | Found Cep. Combat Aerolev Unit 32100 | -2/Protoforge | Used Terrabomb 32106 | -2/Protoforge | Found Cep. Networked Targeting System 32116 | -2/Protoforge | Crushed by falling debris 32117 | -2/Protoforge | System corruption reached 30% 32123 | -2/Protoforge | Found Cep. Chromion Battery 32140 | -2/Protoforge | Found Cep. Antimissile System 32157 | -2/Protoforge | Lost 4 parts (4u) 32191 | -2/Protoforge | Destroyed 10 combat bots 32221 | -2/Protoforge | Reprogrammed and armed K-01 Serf 32238 | -2/Protoforge | Reprogrammed and armed K-01 Serf 32254 | -2/Protoforge | Spotted AP7-3 32259 | -2/Protoforge | Destroyed AP7-3 32295 | -2/Protoforge | Spotted AP7-3 32301 | -2/Protoforge | Destroyed AP7-3 32318 | -2/Protoforge | Incoming assault squad redirected 32339 | -2/Protoforge | Destroyed 7 combat bots 32340 | -2/Protoforge | Found Exp. ECM Suite 32371 | -2/Protoforge | Reprogrammed and armed K-01 Serf 32383 | -2/Protoforge | Spotted Hotshot 32400 | -2/Protoforge | Destroyed 9 combat bots 32401 | -2/Protoforge | Build established: Scavenger-Sprinter 32472 | -2/Protoforge | Reprogrammed and armed K-01 Serf 32542 | -2/Protoforge | Reprogrammed and armed K-01 Serf 32561 | -2/Protoforge | Incoming assault squad redirected 32564 | -2/Protoforge | Incoming assault squad redirected 32639 | -2/Protoforge | Reprogrammed and armed K-01 Serf 32719 | -2/Protoforge | Reprogrammed and armed K-01 Serf 32765 | -2/Protoforge | Reprogrammed and armed K-01 Serf 32887 | -2/Protoforge | Spotted Executioner 32892 | -2/Protoforge | Spotted Decapitator 32896 | -2/Protoforge | Destroyed Decapitator 32899 | -2/Protoforge | Spotted Executioner 32899 | -2/Protoforge | Allies destroyed Executioner 32901 | -2/Protoforge | Found Prototype Device 32901 | -2/Protoforge | Identified Adv. Kinecellerator 32902 | -2/Protoforge | P-80 Master assimilated allied K-01 Serf 32904 | -2/Protoforge | Destroyed Executioner 32909 | -2/Protoforge | Spotted Striker 32909 | -2/Protoforge | Spotted Striker 32911 | -2/Protoforge | Spotted Striker 32915 | -2/Protoforge | Reprogrammed and armed K-01 Serf 32920 | -2/Protoforge | Spotted Decapitator 32930 | -2/Protoforge | Spotted Hotshot 32932 | -2/Protoforge | Spotted Striker 32939 | -2/Protoforge | Destroyed Decapitator 32942 | -2/Protoforge | Reprogrammed and armed K-01 Serf 32945 | -2/Protoforge | Reprogrammed and armed K-01 Serf 32968 | -2/Protoforge | Lost 6 parts (5u1w) 32971 | -2/Protoforge | Spotted Hotshot 32971 | -2/Protoforge | Spotted Hotshot 32973 | -2/Protoforge | Spotted Hotshot 32982 | -2/Protoforge | Discovered new exit (range 13) 32983 | -2/Protoforge | Lost 5 allies 32986 | -2/Protoforge | Entered Access 32986 | -1/Access | Evolved 2 slots: Utility x2 33021 | -1/Access | Reprogrammed and armed K-01 Serf 33043 | -1/Access | Reprogrammed and armed K-01 Serf 33048 | -1/Access | Reprogrammed and armed K-01 Serf 33121 | -1/Access | Repaired Centrium Medium Armor Plating 33130 | -1/Access | Spotted B-99 Colossus 33141 | -1/Access | Reprogrammed and armed K-01 Serf 33144 | -1/Access | Reprogrammed and armed K-01 Serf 33146 | -1/Access | Reprogrammed and armed K-01 Serf 33166 | -1/Access | Reprogrammed and armed K-01 Serf 33167 | -1/Access | Reprogrammed and armed K-01 Serf 33169 | -1/Access | Allied Derelicts emerged from ambush trap array 33170 | -1/Access | Reprogrammed and armed K-01 Serf 33175 | -1/Access | Reprogrammed and armed K-01 Serf 33179 | -1/Access | Reprogrammed and armed K-01 Serf 33206 | -1/Access | P-80 Master assimilated allied K-01 Serf 33220 | -1/Access | Spotted B-99 Colossus 33221 | -1/Access | Destroyed 7 combat bots 33236 | -1/Access | First assault squad dispatched 33242 | -1/Access | Lost 7 allies 33260 | -1/Access | Reprogrammed and armed K-01 Serf 33265 | -1/Access | Reprogrammed and armed K-01 Serf 33412 | -1/Access | P-80 Master assimilated allied K-01 Serf 33580 | -1/Access | Reprogrammed and armed K-01 Serf 33595 | -1/Access | High security lockdown imminent 33604 | -1/Access | Reprogrammed and armed K-01 Serf 33608 | -1/Access | Reprogrammed and armed K-01 Serf 33611 | -1/Access | Reprogrammed and armed K-01 Serf 33616 | -1/Access | Destroyed 9 combat bots 33618 | -1/Access | Reprogrammed and armed K-01 Serf 33621 | -1/Access | Reprogrammed and armed K-01 Serf 33623 | -1/Access | Reprogrammed and armed K-01 Serf 33632 | -1/Access | Reprogrammed and armed K-01 Serf 33633 | -1/Access | Reprogrammed and armed K-01 Serf 33636 | -1/Access | Reprogrammed and armed K-01 Serf 33638 | -1/Access | Reprogrammed and armed K-01 Serf 33640 | -1/Access | Reprogrammed and armed K-01 Serf 33675 | -1/Access | High security lockdown engaged 33677 | -1/Access | Lost 4 allies 33743 | -1/Access | Reprogrammed and armed K-01 Serf 33790 | -1/Access | Spotted B-99 Colossus 33791 | -1/Access | Spotted B-99 Colossus 33792 | -1/Access | Discovered new exit (range 4) 33793 | -1/Access | Entered Command 33857 | -1/Command | Spotted M Guard 33858 | -1/Command | Spotted M Guard 33858 | -1/Command | Spotted Combat Programmer 33858 | -1/Command | Spotted Combat Programmer 33886 | -1/Command | Met MAIN.C 33890 | -1/Command | 0b10 Conduit disabled 33923 | -1/Command | Destroyed MAIN.C Shell 33925 | -1/Command | Surrendered to MAIN.C 33925 | -1/Command | Loaded intel: 63 machine locations 33925 | -1/Command | Loaded intel: 97 trap records 33925 | -1/Command | Identified exit to Surface 33925 | -1/Command | Discovered exit to Surface (range 36) 33925 | -1/Command | Discovered exit to Surface (range 92) 33937 | -1/Command | Reprogrammed and armed K-01 Serf 33938 | -1/Command | Reprogrammed and armed K-01 Serf 33945 | -1/Command | Found Exp. Force Field 33946 | -1/Command | Found Prototype Device 33946 | -1/Command | Identified Exp. Hardlight Generator 33949 | -1/Command | Found Prototype Device 33949 | -1/Command | Identified Exp. System Purifier 33951 | -1/Command | Found Femtoactuators 33954 | -1/Command | Found Vortex Chain Reactor 33961 | -1/Command | Reprogrammed and armed K-01 Serf 33962 | -1/Command | Reprogrammed and armed K-01 Serf 33964 | -1/Command | Reprogrammed and armed K-01 Serf 33968 | -1/Command | Reprogrammed and armed K-01 Serf 33974 | -1/Command | Reprogrammed and armed K-01 Serf 33974 | -1/Command | Reprogrammed and armed K-01 Serf 33976 | -1/Command | Reprogrammed and armed K-01 Serf 33977 | -1/Command | Reprogrammed and armed K-01 Serf 33979 | -1/Command | Reprogrammed and armed K-01 Serf 33985 | -1/Command | MAIN.C activated Command garrisons 34023 | -1/Command | Reprogrammed and armed K-01 Serf 34024 | -1/Command | Unknown forces attacked Command 34024 | -1/Command | Spotted EQ-001 34024 | -1/Command | Spotted EQ-004 34024 | -1/Command | Spotted EQ-012 34026 | -1/Command | Spotted EQ-002 34034 | -1/Command | Allies destroyed EQ-004 34040 | -1/Command | Found Exp. Core Analyzer 34069 | -1/Command | Spotted EQ-003 34077 | -1/Command | Destroyed EQ-003 34082 | -1/Command | Lost 5 allies 34117 | -1/Command | Spotted EQ-017 34119 | -1/Command | Spotted EQ-019 34122 | -1/Command | Destroyed EQ-019 34124 | -1/Command | Spotted EQ-033 34126 | -1/Command | Spotted EQ-018 34126 | -1/Command | Spotted EQ-021 34128 | -1/Command | Spotted EQ-013 34134 | -1/Command | Spotted EQ-024 34136 | -1/Command | Destroyed EQ-017 34141 | -1/Command | Destroyed EQ-013 34145 | -1/Command | Destroyed EQ-024 34148 | -1/Command | Found Exp. Core Analyzer 34156 | -1/Command | Allies destroyed EQ-033 34159 | -1/Command | Spotted EQ-022 34182 | -1/Command | Lost 5 allies 34202 | -1/Command | Spotted EQ-023 34215 | -1/Command | Destroyed EQ-023 34222 | -1/Command | Spotted EQ-039 34222 | -1/Command | Spotted EQ-038 34222 | -1/Command | Spotted EQ-041 34230 | -1/Command | Allies destroyed EQ-041 34237 | -1/Command | Spotted EQ-040 34250 | -1/Command | Destroyed EQ-040 34257 | -1/Command | Spotted EQ-043 34257 | -1/Command | Spotted EQ-058 34257 | -1/Command | Spotted EQ-053 34289 | -1/Command | Spotted EQ-049 34296 | -1/Command | Spotted EQ-052 34297 | -1/Command | Allies destroyed EQ-058 34299 | -1/Command | Lost 9 allies 34304 | -1/Command | Destroyed EQ-049 34324 | -1/Command | Spotted EQ-063 34324 | -1/Command | Spotted EQ-062 34324 | -1/Command | Spotted EQ-078 34324 | -1/Command | Spotted EQ-061 34324 | -1/Command | Spotted EQ-075 34324 | -1/Command | Spotted EQ-060 34340 | -1/Command | Spotted EQ-065 34353 | -1/Command | Destroyed EQ-065 34353 | -1/Command | Spotted EQ-068 34357 | -1/Command | Destroyed EQ-068 34383 | -1/Command | Lost 6 allies 34408 | -1/Command | Spotted EQ-073 34417 | -1/Command | Spotted EQ-070 34420 | -1/Command | Destroyed EQ-073 34429 | -1/Command | Spotted EQ-108 34429 | -1/Command | Spotted EQ-094 34429 | -1/Command | Spotted EQ-085 34451 | -1/Command | Spotted EQ-101 34458 | -1/Command | Destroyed EQ-094 34459 | -1/Command | Spotted EQ-107 34462 | -1/Command | Spotted EQ-088 34484 | -1/Command | Spotted EQ-089 34486 | -1/Command | Destroyed EQ-108 34490 | -1/Command | Lost 13 allies 34519 | -1/Command | Destroyed EQ-089 34535 | -1/Command | Found Quantum Capacitor 34559 | -1/Command | Spotted EQ-115 34560 | -1/Command | Spotted EQ-127 34560 | -1/Command | Spotted EQ-110 34564 | -1/Command | Destroyed EQ-127 34569 | -1/Command | Destroyed EQ-110 34573 | -1/Command | Destroyed EQ-115 34594 | -1/Command | Spotted EQ-104 34596 | -1/Command | Spotted EQ-121 34597 | -1/Command | Spotted EQ-093 34600 | -1/Command | Destroyed EQ-093 34601 | -1/Command | Attackers retreated from Command 34601 | *** | Fortifying 0b10! Last Messages --------------- 34573_ EQ-115 suffers critical hit (Meltdown). 34575_ Acquired 4 matter. 34594_ EQ-104 knocked back. 34595_ Hellfire Missile intercepted. 34597_ EQ-104 knocked back. 34597_ Plasma Slug penetrates EQ-104. 34600_ Penetrated by Slug. 34600_ Critical hit (Destroy). 34600_ EQ-104 destroyed. 34600_ Plasma Slug penetrates EQ-121. 34600_ EQ-093 destroyed. 34601_ ALERT: Enemy forces retreating. MAIN.C: I admit your assistance was pivotal here. It looks like I was right to trust you. This attack appears to have been designed to merely test our defenses, although it was nearly effective enough to force me to take the conflict to the next level. Investigating the origins of these bots should be one of our highest priorities... [Achievement: Stronghold] Map ----- +----------------------------------------------------+ | ????????????????????????????????????????????#?#?#? | | ????????????????????????????????????????????#?#?#? | | ####????????????????????????????????????????#?#?#? | | #????????????????????????????????????????#?#?#? | | #????????????????????????????????????????#?#?#? | | #????????????????????????????????????????#?#?#? | | #????????????????????????????????????????#?#?#? | | #????????????????????????????????????????#?#?#? | | #????????????????????????????????????????#?#?#? | | #????????????????????????????????????????#?#?#? | | #????????????????????????????????????????#?#?#? | | #????????????????????????????????????????#?#?#? | | #????????????????????????????????????????#?#?#? | | #????????????????????????????????????????#?#?#? | | #????????????????????????????????????????#?#?#? | | ############????????????????????????????????#?#?#? | | #??# #????????????????????????????????#?#?#? | | #### #?###########################????#?#?#? | | ## # *#?#?????????????????????????#????#?#?#? | | =# #?#?#######################?#????#?#?#? | | *## ] =#?#?# !! %%*=% ! ############# | | ]!! #!! =%*#?#?# !!%!=% != !#?#?????????? | | ![%=!%!%!!!#?#?# = % ! ############# | | ""== !! ! %###?# % % %!*!% % | | !%] ! ! %=##?# % %% [%= %! | | !]= !!%!*###?# % [ @ % =%%%! | | ]% ]= ! #?#?# % % =############# | | ]!!!#! [ #?#?# #?#?????????? | | ***%![!* #?#?# % % ############# | | !===!!*"####?#?# = % [M #?#????#?#?#? | | !|*!%*= #????#?# %=%% % #?#????#?#?#? | | !!%=%!! ###??#?# [ %= % #?#????#?#?#? | | [![#=!* ##?#?# =% [ /== #?#????#?#?#? | | #=!!#! ! #?#?#[ Y 7 %=% % #?#????#?#?#? | | =!=%%] "##### * %%/*! % #?#????#?#?#? | | !![%%% %% % / !%=% #?#????#?#?#? | | !!!%]%= %*= %=] %% #?#????#?#?#? | | = !!!!! % %% %= ! % % #?#????#?#?#? | | !! *[%!!%##### == ! #?#????#?#?#? | | |" =]! #?#?# ] " #?#????#?#?#? | | # ![ #?#?# " #?#????#?#?#? | | #!* % #?#?#######################?#????#?#?#? | | "%*[ % #?#?????????????????????????#????#?#?#? | | #=%! " ! #?###########################????#?#?#? | | % ##???????????????????????????????#?#?#? | | =% % ["#???????????????????????????????#?#?#? | | % % !%##???????????????????????????????#?#?#? | | !!#????????????????????????????????#?#?#? | | [[ #????????????????????????????????#?#?#? | | [["#????????????????????????????????#?#?#? | +----------------------------------------------------+ Best States ------------- Heat Dissipation 90 Energy Generation 86 Energy Capacity 2950 Matter Stores 300 Matter Capacity 300 Sight Range 23 Robot Scan Range 20 Terrain Scan Density 10 ECM Strength 3 Cloak Strength 9 Additional Mass Support 9 Armor Coverage 525 Resistance: KI 25 Core Shielding 90 Propulsion Shielding 66 Utility Shielding 66 Point Defense Rating 480 Projectile Deflection 15 Weapon Cycling 15 Melee Speed Boost 50 Phase Shifting 25 Evasion (%) 97 Targeting Accuracy 30 Melee Accuracy 16 Target Analysis 8 Core Analysis 12 Recoil Reduction 4 Particle Charging 25 Kinecelleration 50 Force Boost 50 Offensive Hacking 39 Defensive Hacking 28 Authchip Count 3 Item Schematics ----------------- Huge Storage Unit | -10/Materials | Hacked Hcp. Storage Unit | -10/Mines | Hacked IN-MT5's Pitchfork "Insurrection" | -8/Scraptown | Archive Imp. VTOL Module | -6/Factory | Scanalyzed Exp. Sensor Array | -6/Factory | Scanalyzed Cld. Cesium-ion Thruster | -6/Factory | Scanalyzed Combat Drone Bay | -6/Data Miner | Free Lgt. Regenerative Plating | -6/Data Miner | Free Enh. Armored Leg | -6/Data Miner | Free Imp. Energy Well | -6/Data Miner | Free Tesla Bomb Launcher | -6/Data Miner | Free Myomer Leg | -6/Data Miner | Free Quantum Capacitor | -6/Data Miner | Free Railgun | -6/Data Miner | Free Deep Structural Scanner | -5/Factory | Extrapolated Mak. Power Source | -5/Factory | Extrapolated 0b10 Decoder Chip [Skirmisher] | -5/Factory | Extrapolated Mak. Core Shielding | -5/Factory | Extrapolated Mak. Medium Armor Plating | -5/Factory | Extrapolated Mak. Ablative Armor | -5/Factory | Extrapolated Mak. Hacking Suite | -5/Factory | Extrapolated Machine Rigger | -5/Factory | Extrapolated Beamcaster | -5/Factory | Extrapolated Mak. Coolant Network | -5/Waste | Extrapolated Multitool | -5/Waste | Extrapolated Mak. Axe | -5/Waste | Extrapolated Mak. Thermal Plating | -5/Factory | Extrapolated Tactical Coordination Suite | -5/Factory | Extrapolated Mak. System Shield | -5/Factory | Extrapolated Mak. Terrain Scan Processor | -5/Factory | Extrapolated Mak. Light Armor Plating | -5/Factory | Extrapolated Mak. Targeting Computer | -5/Factory | Extrapolated Mapping Drone Bay | -5/Factory | Extrapolated Phasing Sabre | -5/Factory | Extrapolated Bore Cannon | -5/Factory | Extrapolated Energy Deflector | -5/Factory | Extrapolated Mak. Sensor Array | -5/Upper Caves | Extrapolated Mak. Salvage Targeting Computer | -5/Upper Caves | Extrapolated Imp. Arc Thrower | -5/Upper Caves | Extrapolated Mak. Terrain Scanner | -5/Upper Caves | Extrapolated Mak. System Restoration Module | -4/Proximity Caves | Extrapolated Prc. Energy Filter | -4/Factory | Scanalyzed Hvy. Proton Cannon | -4/Factory | Scanalyzed Weapon Mount | -4/Extension | Hacked Femtoactuators | -2/Research | Scanalyzed Enh. Biometal Leg | -2/Protoforge | Archive Graviton Cannon | -2/Protoforge | Archive Exp. Myomer Leg | -2/Protoforge | Archive Imp. Quantum Reactor | -2/Protoforge | Archive Adv. Variable Charge Gun | -2/Protoforge | Archive Prc. Matter Filter | -2/Protoforge | Archive Robot Schematics ------------------ M-13 Machinist | -9/Mines | Hacked B-48 Gladiator | -6/Data Miner | Free S-27 Virus | -6/Data Miner | Free R-10 Processor | -6/Data Miner | Free B-60 Warrior | -6/Data Miner | Free G-67 Veteran | -6/Data Miner | Free H-77 Assassin | -6/Data Miner | Free G-50 Soldier | -6/Data Miner | Free W-44 Eye | -6/Data Miner | Free P-60 Hacker | -5/Factory | Hacked K-01 Serf | -5/Factory | Archive T-07 Excavator | -5/Factory | Archive A-02 Transporter | -5/Factory | Archive A-15 Conveyor | -5/Factory | Archive R-06 Scavenger | -5/Factory | Archive M-14 Sweeper | -5/Factory | Archive M-22 Extractor | -5/Factory | Archive M-30 Cleanser | -5/Factory | Archive M-28 Smith | -5/Factory | Archive M-36 Artificer | -5/Factory | Archive O-16 Technician | -5/Factory | Archive O-24 Administrator | -5/Factory | Archive O-32 Director | -5/Factory | Archive W-16 Scout | -5/Factory | Archive W-25 Informer | -5/Factory | Archive S-10 Pest | -5/Factory | Archive S-43 Plague | -5/Factory | Archive G-34 Mercenary | -5/Factory | Archive G-47 Trooper | -5/Factory | Archive G-73 Enforcer | -5/Factory | Archive B-36 Bruiser | -5/Factory | Archive B-74 Champion | -5/Factory | Archive L-31 Rogue | -5/Factory | Archive L-41 Fighter | -5/Factory | Archive L-61 Swordsman | -5/Factory | Archive Y-45 Defender | -5/Factory | Archive Y-54 Guardian | -5/Factory | Archive Y-64 Sentinel | -5/Factory | Archive Y-72 Warden | -5/Factory | Archive D-53 Grenadier | -5/Factory | Archive D-63 Destroyer | -5/Factory | Archive D-83 Annihilator | -5/Factory | Archive X-57 Shotgunner | -5/Factory | Archive X-62 Marksman | -5/Factory | Archive X-67 Chaingunner | -5/Factory | Archive X-72 Disruptor | -5/Factory | Archive X-77 Beamer | -5/Factory | Archive X-82 Rainmaker | -5/Factory | Archive X-87 Electro | -5/Factory | Archive H-55 Commando | -5/Factory | Archive H-66 Slayer | -5/Factory | Archive H-88 Terminator | -5/Factory | Archive P-70 Sage | -5/Factory | Archive P-80 Master | -5/Factory | Archive C-65 Expert | -2/Protoforge | Archive Fabricated ------------ IN-MT5's Pitchfork "Insurrection" | x1 | -6/Factory | Authchip IN-MT5's Pitchfork "Insurrection" | x1 | -6/Factory | Authchip IN-MT5's Pitchfork "Insurrection" | x1 | -6/Factory | Authchip IN-MT5's Pitchfork "Insurrection" | x1 | -6/Factory | Authchip IN-MT5's Pitchfork "Insurrection" | x1 | -6/Factory | Authchip IN-MT5's Pitchfork "Insurrection" | x1 | -6/Factory IN-MT5's Pitchfork "Insurrection" | x1 | -5/Factory | Authchip IN-MT5's Pitchfork "Insurrection" | x1 | -5/Factory | Authchip IN-MT5's Pitchfork "Insurrection" | x1 | -5/Factory Exp. Sensor Array | x1 | -5/Factory IN-MT5's Pitchfork "Insurrection" | x1 | -4/Factory Tactical Coordination Suite | x1 | -3/Research P-80 Master | x2 | -3/Armory P-80 Master | x2 | -3/Armory | Authchip Exp. Sensor Array | x1 | -3/Armory | Authchip P-80 Master | x2 | -3/Armory | Authchip Femtoactuators | x1 | -2/Research Repaired ---------- Imp. VTOL Module | 99% | -6/Factory | Broken Exp. Sensor Array | 99% | -6/Factory | Broken Mapping Drone Bay | 99% | -5/Factory | Broken Imp. Light Armor Plating | 37% | -5/Factory Imp. Light Armor Plating | 67% | -4/Factory Nuclear Pulse Array | 35% | -4/Extension Lrn. Sensor Array | 14% | -3/Research Centrium Medium Armor Plating | 46% | -3/Armory Mic. Antimatter Reactor | 25% | -2/Research Exp. Sensor Array | 13% | -2/Research Centrium Medium Armor Plating | 7% | -1/Access Studied --------- Wheel | -9/Materials | Hacked Com. Wheel | -9/Materials | Hacked Lgt. Nuclear Core | -6/Factory | Hacked Mic. Nuclear Core | -6/Factory | Hacked Mni. Grenade Launcher | -6/Factory | Hacked Mic. Fission Core | -5/Factory | Hacked Power Sword | -5/Factory | Hacked Nuclear Pulse Array | -5/Factory | Hacked Mic. Antimatter Reactor | -3/Research | Hacked Impulse Thruster Array | -2/Research | Hacked Alien Tech Used ----------------- Integrated Reactor Core Expander Sigix Broadsword Transdimensional Reconstructor Subatomic Replicator Terrabomb Achievements -------------- My Bad Peasant Uprising Prodigal Son Stronghold Challenges ------------ None Game ------ Seed HackingScrapExpander Manual? 0 Play Time 10:10:03 Cumulative 1094.5 hours Start 2026.02.25 @ 20:53:12 End 2026.02.26 @ 19:11:44 Sessions 5 Manual Loads 0 Difficulty Rogue Special Mode None Game No. 196 Rogue 196 Adventurer 0 Explorer 0 Win Type 8 Total 65 Types 25/7/10/1/3/1/9/4/3/2 Lore% 93 Gallery% 91 Achievement% 81 Wizard Run 0 Options --------- Layout 0 ASCII 0 Keyboard 0 Movement Numpad Keybinds 0 Fullscreen 1 Font 18/SmallcapsGlow Map View 76x50 Zoom Use 0% Tactical HUD 1 Map Filters NONE Filters NONE Steam 1 RUN: cf614960-a09c-4c59-8df7-52fea589357b